 Dungeon Crawl Stone Soup version 0.29.0-4-gdea44cf6ec (webtiles) character file.

Game seed: 17322541081308998966

345477 qw the Peltast (level 22, -3/152 HPs)
             Began as a Gargoyle Berserker on Sept 6, 2022.
             Was an Elder of Trog.
             Killed from afar by a frost giant (35 damage)
             ... with a bolt of cold
             ... on level 1 of the Depths.
             The game lasted 00:22:16 (46331 turns).

qw the Peltast (Gargoyle Berserker)                Turns: 46331, Time: 00:22:16

Health: -3/152     AC: 57    Str: 32    XL:     22   Next: 10%
Magic:  0/22       EV: 13    Int:  8    God:    Trog [****..]
Gold:   947        SH: 25    Dex: 18    Spells: 21/21 levels left

rFire   + . .      SeeInvis .   y - +8 war axe of the Dwarven Hall {drain, *Noise rElec rPois Dex+9}
rCold   . . .      Faith    .   B - +2 tower shield {reflect}
rNeg    + . .      Spirit   +   q - +4 plate armour {Will+}
rPois   inf        Reflect  +   n - +2 helmet
rElec   +          Harm     .   o - +2 cloak
rCorr   .          Rampage  .   s - +2 pair of gloves
Will    ++...      Clarity  +   m - +2 pair of boots {Fly}
Stlth   ..........              r - amulet of guardian spirit
HPRegen 1.15/turn               k - +4 ring of protection
MPRegen 0.18/turn               h - +4 ring of protection

@: about to teleport, corroded, on berserk cooldown, flying, slowed, very slow
A: sickness immunity, AC +16, big wings, negative energy resistance 1,
electricity resistance, torment resistance 1, petrification resistance,
iridescent scales 1, clarity, fire resistance 1, regeneration 1
}: 2/15 runes: serpentine, barnacled
a: Renounce Religion, Berserk, Trog's Hand, Brothers in Arms


You were on level 1 of the Depths.
You worshipped Trog.
Trog was greatly pleased with you.
You visited 7 branches of the dungeon, and saw 35 of its levels.

You collected 3712 gold pieces.
You spent 2765 gold pieces at shops.


Innate Abilities, Weirdness & Mutations

You are immune to sickness and miasma.
Your stone body is resilient. (AC +16)
You are immune to poison.
Your large and strong wings let you fly.
You resist negative energy. (rN+)
You are resistant to electric shocks. (rElec)
You are resistant to unholy torment.
You are immune to petrification.
You are partially covered in iridescent scales. (AC +2)
You possess an exceptional clarity of mind.
Your flesh is heat resistant. (rF+)
Your natural rate of healing is unusually fast.


   Skills:
 - Level 20.0 Fighting
 - Level 17.9 Axes
 - Level 9.0 Throwing
 + Level 19.8 Armour
 - Level 9.0 Dodging
 - Level 20.8 Shields


You had 21 spell levels left.
You didn't know any spells.
Your spell library was empty.

Inventory:

Hand Weapons
 y - the +8 war axe of the Dwarven Hall (weapon) {drain, *Noise rElec rPois Dex+9}
   (You bought it in a shop on level 2 of the Snake Pit)

   A truly terrible weapon, it drains the life of any living foe it strikes.
   Dex:       It affects your dexterity (+9).
   rElec:     It insulates you from electricity.
   rPois:     It protects you from poison.
   *Noise:    It may make noises in combat.
Missiles
 j - 22 boomerangs (quivered)
 u - 5 javelins
Armour
 f - a +1 plate armour of fire resistance
 m - a +2 pair of boots of flying (worn)
 n - a +2 helmet (worn)
 o - a +2 cloak (worn)
 p - +3 fire dragon scales {Xtahua}
 q - a +4 plate armour of willpower (worn)
 s - a +2 pair of gloves (worn)
 B - a +2 tower shield of reflection (worn)
Jewellery
 d - a ring of fire
 h - a +4 ring of protection (right hand)
 k - a +4 ring of protection (left hand)
 r - an amulet of guardian spirit (around neck)
 t - a ring of protection from fire
 x - an amulet of the acrobat
 A - the amulet "Keygoirr" {Harm Regen+}
   (You found it on level 4 of the Shoals)

   [amulet of regeneration]

   Regen:     It increases your rate of health regeneration.
   Harm:      It increases damage dealt and taken.
Scrolls
 a - 18 scrolls of identify
 c - 3 scrolls of teleportation
 w - a scroll of brand weapon
 z - a scroll of enchant weapon
Potions
 b - 2 potions of resistance
 e - 5 potions of might
 g - 4 potions of haste
 i - 21 potions of curing
 l - 5 potions of mutation

Dungeon Overview and Level Annotations

Branches:
Dungeon (15/15)            Temple (0/1) D:4            Lair (5/5) D:10
 Shoals (4/4) Lair:2        Snake (4/4) Lair:2        Slime (0/5) Lair:5
    Orc (2/2) D:10            Elf (0/3) Orc:2        Vaults (4/5) D:14
  Crypt (0/3) Vaults:3     Depths (1/4) D:15

Altars:
Ashenzari
Cheibriados
Elyvilon
Fedhas
Gozag
Hepliaklqana
Kikubaaqudgha
Makhleb
Nemelex Xobeh
Qazlal
Ru
Trog
Vehumet
Xom
Yredelemnul
The Shining One

Shops:
D:4 =![   D:6 [   D:8 (   D:9 ?[=:   D:12 =   Orc:1 =:   Orc:2 *?*(   Snake:1 [
Snake:2 :==(   Snake:4 *   Vaults:3 *

Portals:
Hell: Depths:1

Annotations:
D:9 1 runed translucent door
D:13 3 runed translucent doors, Benoasoz's ghost, journeyman TeWr
Lair:4 2 transporters, 1 runed translucent door, qw's ghost, journeyman GrBe
Snake:2 2 runed translucent doors, qw's ghost, adept TrCA


Message History

You block the stone giant's attack. Something hits you but does no damage.
Something bites you.
You completely miss the cyan very ugly thing.
The cyan very ugly thing is heavily wounded.
You hit the stone giant but do no damage.
You drain the stone giant. You closely miss something.
You hit the caustic shrike.
You block the cyan very ugly thing's attack.
The caustic shrike claws you.
You are splashed with acid!
Something hits you but does no damage. Something bites you but does no damage.
You slice the cyan very ugly thing!!
Your war axe of the Dwarven Hall cheers!
The cyan very ugly thing is severely wounded.
You barely miss the frost giant. You hit something.
Your war axe of the Dwarven Hall warbles.
You hit the caustic shrike.
You hear a horrible gurgling sound!
You hear two shouts!
The caustic shrike claws you but does no damage.
The caustic shrike claws you! The acid corrodes you!
You are splashed with acid.
The cyan very ugly thing misses you. Something hits you but does no damage.
Something bites you but does no damage.
The walking crystal tome erupts in a flurry of living spells!
The caustic shrike closely misses you.
You slice the cyan very ugly thing!! You drain the cyan very ugly thing.
The cyan very ugly thing is almost dead.
You hit the caustic shrike but do no damage.
You barely miss the frost giant. You hit something.
You block the caustic shrike's attack.
The cyan very ugly thing closely misses you.
Something hits you! You block something's attack.
You block the frost giant's attack. The caustic shrike barely misses you.
The cyan very ugly thing pecks you but does no damage.
46331 ||| READING 4 scrolls of teleportation.
As you read the scroll of teleportation, it crumbles to dust.
You feel strangely unstable. The caustic shrike closely misses you.
You block the caustic shrike's attack. Something hits you but does no damage.
Something bites you but does no damage.
The frost giant gestures at you while chanting.
The bolt of cold hits you!!!
You die...

#........#
....##.........#
#.......##
#...#...........
#.......#
#...#...........
######..#
#...#......[.... #.#
#...#........... .#
##...#...........
#..#####....##.........#
#......{)....##.......##
#...###@###...##.....##.
. #iubCC##...###'###..
#.yCCW;*##...........
#...WC***.##...######.
#.....T*....##.## ##
#.............###
...........\...
...............


You could see a titan, a caustic shrike, a frost giant, a walking crystal tome,
a cyan very ugly thing (drained), a fire giant (drained), a stone giant
(drained), an ettin (drained), a spark wasp, 2 flayed ghosts, a spriggan
berserker (berserk), a deep troll shaman and 5 living crystal spells.

Vanquished Creatures
  Mara (Shoals:3)
  A juggernaut (Depths:1)
  Saint Roka (Snake:2)
  Xtahua (Vaults:4)
  A caustic shrike (Depths:1)
  A golden dragon (Depths:1)
  3 tentacled monstrosities (Depths:1)
  3 liches
  2 krakens (Shoals:4)
  Polyphemus (Shoals:2)
  4 sphinxes
  4 tengu reavers
  10 nagarajas
  A storm dragon (Depths:1)
  2 fire giants (Depths:1)
  11 vault wardens
  An orc warlord (D:12)
  2 frost giants (Depths:1)
  Louise (Shoals:3)
  2 spriggan defenders (Depths:1)
  4 stone giants (Depths:1)
  11 ironbound preservers
  4 very ugly things
  5 ironbound thunderhulks
  A vampire knight (Depths:1)
  13 dire elephants
  3 entropy weavers
  A minotaur (Shoals:4)
  A crystal guardian (Vaults:1)
  2 fire dragons (Depths:1)
  2 merfolk impalers (Shoals:2)
  A merfolk javelineer (Shoals:4)
  3 ettins
  8 great orbs of eyes
  6 yaktaur captains
  Harold (D:9)
  A rakshasa (Depths:1)
  20 vault guards
  3 hydras
  A peacekeeper (Vaults:1)
  4 ogre magi
  3 spriggan air magi (Depths:1)
  2 ice dragons (Depths:1)
  2 alligator snapping turtles (Shoals:4)
  2 boulder beetles
  5 ironbound frosthearts
  15 centaur warriors
  A catoblepas (D:14)
  11 two-headed ogres
  3 merfolk avatars
  9 anacondas
  2 vampire magi (Depths:1)
  4 tengu warriors
  4 death yaks
  2 merfolk aquamancers (Shoals:2)
  15 naga warriors
  A deep troll earth mage (Depths:1)
  13 satyrs (Shoals:4)
  4 orc high priests
  2 deep troll shamans (Depths:1)
  8 naga sharpshooters
  7 shock serpents
  4 spriggan berserkers (Depths:1)
  2 hell knights (D:13)
  A deep elf knight (D:14)
  3 salamander mystics
  4 skeletal warriors
  25 deep trolls
  6 naga ritualists
  16 sea snakes
  23 ironbound convokers
  8 wizards
  A glowing orange brain (Vaults:4)
  33 harpies
  6 lindwurms
  8 orc knights
  A phantasmal warrior (D:15)
  2 necromancers
  2 fire giant zombies (D:15)
  3 deep elf pyromancers
  8 mana vipers
  8 fauns (Shoals:4)
  14 cyclopes
  7 orc sorcerers
  27 ugly things
  19 elephants
  14 salamanders
  17 manticores
  16 vault sentinels
  A moth of wrath (shapeshifter) (Depths:1)
  31 black mambas
  10 guardian serpents
  10 merfolk sirens
  22 naga magi
  5 water nymphs
  10 cane toads
  A rust devil (D:13)
  A gargoyle (D:13)
  Maggie (D:6)
  An unseen horror (D:11)
  5 rime drakes
  An unseen horror (shapeshifter) (D:13)
  3 tengu conjurers
  4 komodo dragons
  32 yaktaurs
  A kobold demonologist (D:9)
  5 trolls
  A freezing wraith (D:14)
  A spriggan skeleton (D:15)
  2 polar bears
  29 merfolk
  A hornet (Lair:5)
  A hornet (shapeshifter) (D:13)
  5 wind drakes
  11 blink frogs
  A tarantella (Vaults:3)
  17 slime creatures
  7 snapping turtles
  13 dream sheep
  Prince Ribbit (D:5)
  Sigmund (D:5)
  3 centaur simulacra (D:14)
  2 shadows
  A jumping spider (Vaults:3)
  9 water elementals
  4 wraiths
  64 yaks
  5 basilisks
  A wyvern (D:8)
  A steam dragon (D:9)
  2 redbacks (Vaults:2)
  8 vampire mosquitoes
  A yaktaur simulacrum (Vaults:2)
  2 wargs
  2 acid dragons
  52 nagas
  15 water moccasins
  6 hell hounds (D:13)
  A glowing shapeshifter skeleton (D:15)
  5 black bears
  2 ice beasts
  42 orc warriors
  A sky beast (D:8)
  3 boggarts (Vaults:1)
  15 ogres
  5 wolves
  4 centaurs
  A phantom (D:6)
  A kobold brigand (D:6)
  2 gnoll sergeants
  8 bullfrogs
  A scorpion (D:7)
  A necrophage (D:3)
  5 wights (D:7)
  5 killer bees (D:11)
  2 howler monkeys
  3 jellies
  25 orc priests
  5 hounds
  Terence (D:3)
  5 iguanas
  30 orc wizards
  Natasha (thrice) (D:4)
  11 hell rats
  5 adders
  15 gnolls
  2 white imps (Vaults:2)
  An ufetubus (D:4)
  3 worms
  3 dart slugs
  70 orcs
  7 endoplasms
  A giant cockroach (D:5)
  6 goblins
  6 hobgoblins
  2 jackals (D:1)
  12 kobolds
  2 quokkas
  9 ball pythons
  7 bats
  4 frilled lizards
  4 rats
  5 tentacles (Shoals:4)
1305 creatures vanquished.

Vanquished Creatures (collateral kills)
  Vashnia (Snake:2)
  Frances (D:14)
  A sphinx (Vaults:1)
  An ironbound preserver (Vaults:1)
  2 very ugly things (Depths:1)
  2 ironbound thunderhulks
  A fire dragon (Depths:1)
  2 ettins
  5 hydras
  A catoblepas (Shoals:2)
  A naga warrior (Snake:4)
  An ironbound frostheart (Vaults:1)
  A tengu warrior (D:14)
  2 death yaks (Shoals:2)
  A sea snake (Snake:4)
  A deep troll (Vaults:1)
  A naga ritualist (Snake:4)
  A harpy (Shoals:2)
  An ugly thing (Vaults:2)
  A manticore (Shoals:2)
  2 cane toads
  A vault sentinel (Vaults:1)
  A yaktaur (Vaults:1)
  A wind drake (Lair:5)
  5 blink frogs (Lair:2)
  An acid dragon (D:14)
  A boggart (Vaults:1)
  A bullfrog (Lair:2)
  An orc (Snake:2)
42 creatures vanquished.

Vanquished Creatures (others)
  A harpy (Shoals:3)
  A water nymph (Shoals:4)
  A merfolk (Shoals:4)
  2 nagas (Snake:4)
  31 fungi
  122 plants
  8 tentacles (Shoals:4)
  7 withered plants (D:15)
173 creatures vanquished.

Grand Total: 1520 creatures vanquished

Notes
Turn   | Place    | Note
-------+----------+-------------------------------------------
     0 | D:1      | qw the Gargoyle Berserker began the quest for the Orb.
     0 | D:1      | Reached XP level 1. HP: 14/14 MP: 1/1
     0 | D:1      | 0 ||| qw: Version: 0.1-a-108-g9e35731
     0 | D:1      | 0 ||| qw: Game counter: 6253
     0 | D:1      | 0 ||| qw: Always use a shield: true
     0 | D:1      | 0 ||| qw: Do Orc after D:15 true
     0 | D:1      | 0 ||| qw: Do second Lair branch before Depths: true
     0 | D:1      | 0 ||| qw: Lair rune preference: random
     0 | D:1      | 0 ||| qw: Plans: Normal
     0 | D:1      | 0 ||| PLANNING D:1-11
   202 | D:1      | Reached skill level 3 in Axes
   298 | D:1      | Reached XP level 2. HP: 13/19 MP: 2/2
   498 | D:1      | 498 ||| Stepping ~*~*~tactically~*~*~ (stealth).
   794 | D:1      | 794 ||| Stepping ~*~*~tactically~*~*~ (stealth).
   825 | D:1      | 825 ||| INVOKING Berserk.
   828 | D:1      | Reached XP level 3. HP: 13/23 MP: 3/3
  1259 | D:1      | 1259 ||| UPGRADING to +0 buckler.
  1264 | D:1      | 1264 ||| UPGRADING to +0 scale mail.
  1274 | D:1      | 1274 ||| DROPPING +0 animal skin.
  1275 | D:1      | 1275 ||| UPGRADING to +0 helmet.
  1280 | D:1      | 1280 ||| DROPPING ring of flight.
  1281 | D:1      | 1281 ||| READING 2 scrolls labelled GEPHAZX AKIME.
  1282 | D:1      | 1282 ||| READING scroll labelled WERUXT METEPPA.
  1283 | D:1      | 1283 ||| READING scroll labelled IKAXZI YNIFUZYLU.
  1284 | D:1      | 1284 ||| READING scroll labelled KOFEFI SOET.
  1285 | D:1      | 1285 ||| READING scroll labelled VAPPAN QIDD.
  1319 | D:2      | 1319 ||| INVOKING Berserk.
  1323 | D:2      | 1323 ||| STAIRDANCE
  1372 | D:2      | Identified the +8 mace of Duty {vorpal, Dex+4}
  1374 | D:2      | 1374 ||| DROPPING +0 club.
  1421 | D:2      | Reached skill level 1 in Shields
  1478 | D:2      | 1478 ||| Stepping ~*~*~tactically~*~*~ (stealth).
  1480 | D:2      | 1480 ||| Stepping ~*~*~tactically~*~*~ (stealth).
  1730 | D:2      | Found a faded altar of an unknown god.
  1912 | D:2      | 1912 ||| INVOKING Berserk.
  2313 | D:2      | 2313 ||| UPGRADING to +0 chain mail.
  2323 | D:2      | 2323 ||| DROPPING +0 scale mail.
  2324 | D:2      | 2324 ||| UPGRADING to +0 pair of boots.
  2329 | D:2      | 2329 ||| READING 2 scrolls labelled DAP ZECENA.
  2333 | D:2      | 2333 ||| READING scroll labelled KIQAPSEJUEM.
  2334 | D:2      | 2334 ||| READING scroll labelled FYIFIT GAYX.
  2335 | D:2      | 2335 ||| READING 3 scrolls of identify.
  2335 | D:2      | 2335 ||| IDENTIFYING murky cyan potion
  2336 | D:2      | 2336 ||| READING 2 scrolls of identify.
  2336 | D:2      | 2336 ||| IDENTIFYING orange potion
  2372 | D:3      | 2372 ||| STAIRDANCE
  2440 | D:3      | 2440 ||| Stepping ~*~*~tactically~*~*~ (hiding).
  2451 | D:3      | Reached XP level 4. HP: 28/28 MP: 4/4
  2678 | D:3      | 2678 ||| READING scroll of enchant armour.
  2678 | D:3      | 2678 ||| ENCHANTING +0 helmet.
  2692 | D:3      | 2692 ||| FLEEEEING.
  2693 | D:3      | 2693 ||| FLEEEEING.
  2694 | D:3      | 2694 ||| FLEEEEING.
  2695 | D:3      | 2695 ||| FLEEEEING.
  2696 | D:3      | 2696 ||| FLEEEEING.
  2697 | D:3      | 2697 ||| FLEEEEING.
  2698 | D:3      | 2698 ||| FLEEEEING.
  2699 | D:3      | 2699 ||| FLEEEEING.
  2700 | D:3      | 2700 ||| FLEEEEING.
  2701 | D:3      | 2701 ||| STAIRDANCE
  2795 | D:3      | 2795 ||| INVOKING Berserk.
  2803 | D:3      | 2803 ||| FLEEEEING.
  2804 | D:3      | 2804 ||| FLEEEEING.
  2805 | D:3      | 2805 ||| FLEEEEING.
  2806 | D:3      | 2806 ||| FLEEEEING.
  2807 | D:3      | 2807 ||| FLEEEEING.
  2808 | D:3      | 2808 ||| STAIRDANCE
  2917 | D:3      | 2917 ||| Stepping ~*~*~tactically~*~*~ (stealth).
  2919 | D:3      | 2919 ||| Stepping ~*~*~tactically~*~*~ (stealth).
  2922 | D:3      | 2922 ||| Stepping ~*~*~tactically~*~*~ (hiding).
  2928 | D:3      | 2928 ||| INVOKING Berserk.
  2933 | D:3      | Reached ** piety under Trog
  2934 | D:3      | Reached XP level 5. HP: 32/32 MP: 5/5
  3086 | D:3      | Identified the +7 short sword of Zyfol {freeze, rElec rC+
                  | Will+ Str+4}
  3179 | D:3      | Noticed Terence
  3181 | D:3      | 3181 ||| INVOKING Berserk.
  3187 | D:3      | Killed Terence
  3199 | D:3      | 3199 ||| Stepping ~*~*~tactically~*~*~ (stealth).
  3200 | D:3      | 3200 ||| Stepping ~*~*~tactically~*~*~ (stealth).
  3365 | D:3      | Reached XP level 6. HP: 37/37 MP: 6/6
  3498 | D:3      | Found an opulent altar of Gozag.
  3505 | D:3      | Found a hazy altar of Hepliaklqana.
  3514 | D:3      | Found a radiant altar of Vehumet.
  3522 | D:3      | Found a white marble altar of Elyvilon.
  3530 | D:3      | Found a sparkling altar of Nemelex Xobeh.
  3547 | D:3      | Found a snail-covered altar of Cheibriados.
  3552 | D:3      | Found a bloodstained altar of Trog.
  3555 | D:3      | 3555 ||| DRINKING 3 fuming white potions.
  3556 | D:3      | 3556 ||| DRINKING 2 metallic red potions.
  3556 | D:3      | Gained mutation: Your natural rate of healing is unusually
                  | fast. [potion of mutation]
  3556 | D:3      | Gained mutation: You are partially covered in iridescent
                  | scales. (AC +2) [potion of mutation]
  3556 | D:3      | Gained mutation: Your magical capacity is low. (-10% MP)
                  | [potion of mutation]
  3623 | D:4      | Found Ziorgh's Antique Armour Emporium.
  3632 | D:4      | 3632 ||| SHOPLISTING brightly glowing scale mail (153 gold,
                  | have 129).
  3632 | D:4      | 3632 ||| BUYING pair of embroidered boots (127 gold).
  3632 | D:4      | Bought a pair of embroidered boots for 127 gold pieces
  3632 | D:4      | 3632 ||| SHOPLISTING pair of embroidered boots (127 gold,
                  | have 2).
  3632 | D:4      | 3632 ||| SHOPLISTING pair of embroidered gloves (127 gold,
                  | have 2).
  3632 | D:4      | 3632 ||| SHOPLISTING runed ring mail (119 gold, have 2).
  3632 | D:4      | 3632 ||| SHOPLISTING smoking scale mail (153 gold, have 2).
  3656 | D:4      | 3656 ||| INVOKING Berserk.
  3789 | D:4      | Noticed Natasha
  3790 | D:4      | 3790 ||| Stepping ~*~*~tactically~*~*~ (hiding).
  3791 | D:4      | 3791 ||| Stepping ~*~*~tactically~*~*~ (hiding).
  3794 | D:4      | 3794 ||| INVOKING Berserk.
  3801 | D:4      | Killed Natasha
  3816 | D:4      | 3816 ||| Stepping ~*~*~tactically~*~*~ (stealth).
  3823 | D:4      | Reached skill level 3 in Armour
  3847 | D:4      | 3847 ||| Stepping ~*~*~tactically~*~*~ (stealth).
  3909 | D:4      | 3909 ||| Stepping ~*~*~tactically~*~*~ (stealth).
  3910 | D:4      | 3910 ||| Stepping ~*~*~tactically~*~*~ (stealth).
  4034 | D:4      | Found a staircase to the Ecumenical Temple.
  4103 | D:4      | Noticed Natasha
  4106 | D:4      | 4106 ||| INVOKING Berserk.
  4108 | D:4      | Killed Natasha
  4247 | D:4      | Reached XP level 7. HP: 44/44 MP: 6/6
  4249 | D:4      | 4249 ||| Stepping ~*~*~tactically~*~*~ (stealth).
  4250 | D:4      | 4250 ||| Stepping ~*~*~tactically~*~*~ (stealth).
  4251 | D:4      | Found Bihoaco's Jewellery Boutique.
  4264 | D:4      | 4264 ||| SHOPLISTING +4 ring of evasion (396 gold, have
                  | 81).
  4264 | D:4      | 4264 ||| SHOPLISTING amulet of the acrobat (330 gold, have
                  | 81).
  4264 | D:4      | 4264 ||| SHOPLISTING ring of positive energy (220 gold,
                  | have 81).
  4264 | D:4      | 4264 ||| SHOPLISTING ring of willpower (275 gold, have 81).
  4311 | D:4      | Found Miudoph's Distillery.
  4350 | D:4      | Noticed Natasha
  4353 | D:4      | 4353 ||| INVOKING Berserk.
  4362 | D:4      | Killed Natasha
  4693 | D:4      | 4693 ||| BUYING potion of heal wounds (55 gold).
  4693 | D:4      | Bought a potion of heal wounds for 55 gold pieces
  4693 | D:4      | 4693 ||| UPGRADING to +2 pair of boots of flying.
  4703 | D:4      | 4703 ||| DROPPING +0 pair of boots.
  4704 | D:4      | 4704 ||| DRINKING 2 smoky emerald potions.
  4705 | D:4      | 4705 ||| READING 2 scrolls of identify.
  4705 | D:4      | 4705 ||| IDENTIFYING fizzy inky potion
  4706 | D:4      | 4706 ||| DROPPING potion of lignification.
  4707 | D:4      | 4707 ||| DROPPING potion of degeneration.
  4735 | D:5      | Entered Level 5 of the Dungeon
  4737 | D:5      | 4737 ||| STAIRDANCE
  4746 | D:5      | 4746 ||| STAIRDANCE
  4751 | D:5      | 4751 ||| STAIRDANCE
  4758 | D:4      | 4758 ||| SWAPPING to +0 war axe.
  4759 | D:4      | 4759 ||| DROPPING +0 hand axe.
  4763 | D:5      | 4763 ||| STAIRDANCE
  4771 | D:4      | Reached skill level 6 in Axes
  4862 | D:5      | Noticed Prince Ribbit
  4863 | D:5      | 4863 ||| INVOKING Berserk.
  4865 | D:5      | Reached skill level 3 in Shields
  4877 | D:5      | Killed Prince Ribbit
  4878 | D:5      | Reached XP level 8. HP: 51/51 MP: 7/7
  4883 | D:5      | Noticed Sigmund
  4884 | D:5      | Reached skill level 1 in Throwing
  4891 | D:5      | 4891 ||| DRINKING potion of cancellation.
  4895 | D:5      | 4895 ||| DRINKING 2 potions of curing.
  4895 | D:5      | 4895 ||| (to cure confusion)
  4897 | D:5      | Killed Sigmund
  5027 | D:5      | Found a sacrificial altar of Ru.
  5646 | D:5      | 5646 ||| UPGRADING to +0 cloak.
  5651 | D:5      | 5651 ||| READING scroll labelled ECSEONL ANGA.
  5680 | D:6      | Found a burning altar of Makhleb.
  5806 | D:6      | Reached *** piety under Trog
  5849 | D:6      | 5849 ||| INVOKING Berserk.
  5862 | D:6      | Reached skill level 6 in Fighting
  5982 | D:6      | Found a stormy altar of Qazlal.
  6169 | D:6      | Noticed Maggie
  6183 | D:6      | 6183 ||| INVOKING Berserk.
  6187 | D:6      | Killed Maggie
  6188 | D:6      | Reached skill level 9 in Axes
  6188 | D:6      | Reached XP level 9. HP: 31/55 MP: 8/8
  6531 | D:6      | Found Gycaicol Lue's Antique Armour Emporium.
  6536 | D:6      | 6536 ||| SHOPLISTING runed orb (288 gold, have 175).
  6536 | D:6      | 6536 ||| BUYING shiny ring mail (168 gold).
  6536 | D:6      | Bought a shiny ring mail for 168 gold pieces
  6550 | D:6      | 6550 ||| DROPPING +2 ring mail of cold resistance.
  6551 | D:6      | 6551 ||| UPGRADING to +6 ring of dexterity.
  6552 | D:6      | 6552 ||| DROPPING +6 ring of intelligence.
  6579 | D:7      | Found a blossoming altar of Fedhas.
  6585 | D:7      | Found a basalt altar of Yredelemnul.
  6731 | D:7      | 6731 ||| Stepping ~*~*~tactically~*~*~ (stealth).
  6733 | D:7      | 6733 ||| Stepping ~*~*~tactically~*~*~ (hiding).
  6770 | D:7      | 6770 ||| DROPPING +8 mace of Duty {vorpal, Dex+4}.
  6775 | D:7      | 6775 ||| Stepping ~*~*~tactically~*~*~ (hiding).
  6781 | D:7      | 6781 ||| INVOKING Berserk.
  6961 | D:7      | Found a glowing golden altar of the Shining One.
  6981 | D:7      | 6981 ||| INVOKING Berserk.
  7163 | D:7      | 7163 ||| INVOKING Berserk.
  7565 | D:7      | 7565 ||| INVOKING Berserk.
  7724 | D:7      | 7724 ||| UPGRADING to amulet of guardian spirit.
  7729 | D:7      | 7729 ||| DRINKING 3 puce potions.
  7730 | D:7      | 7730 ||| READING 2 scrolls of identify.
  7730 | D:7      | 7730 ||| IDENTIFYING fuming dark potion
  7785 | D:8      | 7785 ||| READING scroll of enchant armour.
  7785 | D:8      | 7785 ||| ENCHANTING +1 helmet.
  7787 | D:8      | 7787 ||| Stepping ~*~*~tactically~*~*~ (stealth).
  7967 | D:8      | 7967 ||| Stepping ~*~*~tactically~*~*~ (hiding).
  7975 | D:8      | 7975 ||| Stepping ~*~*~tactically~*~*~ (stealth).
  7979 | D:8      | 7979 ||| INVOKING Berserk.
  7998 | D:8      | Reached XP level 10. HP: 63/63 MP: 9/9
  8122 | D:8      | 8122 ||| Stepping ~*~*~tactically~*~*~ (hiding).
  8134 | D:8      | Found Voahin's Antique Weapon Emporium.
  8141 | D:8      | 8141 ||| INVOKING Berserk.
  8154 | D:8      | Identified the +0 scale mail "Poshrimai" {Int+3}
  8260 | D:8      | 8260 ||| SHOPLISTING glowing war axe (195 gold, have 186).
  8260 | D:8      | 8260 ||| SHOPLISTING runed morningstar (210 gold, have
                  | 186).
  8260 | D:8      | 8260 ||| SHOPLISTING transparent war axe (255 gold, have
                  | 186).
  8338 | D:8      | Reached skill level 6 in Armour
  8358 | D:8      | Found a shimmering altar of Xom.
  8632 | D:8      | 8632 ||| Stepping ~*~*~tactically~*~*~ (stealth).
  8633 | D:8      | 8633 ||| Stepping ~*~*~tactically~*~*~ (hiding).
  8803 | D:8      | 8803 ||| UPGRADING to +0 plate armour.
  8813 | D:8      | 8813 ||| DROPPING +0 chain mail.
  8814 | D:8      | 8814 ||| UPGRADING to ring of resist corrosion.
  8815 | D:8      | 8815 ||| UPGRADING to ring of protection from cold.
  8817 | D:8      | 8817 ||| UPGRADING to +6 ring of dexterity.
  8819 | D:8      | 8819 ||| READING 2 scrolls of identify.
  8819 | D:8      | 8819 ||| IDENTIFYING lumpy ruby potion
  8820 | D:8      | 8820 ||| DRINKING potion of experience.
  8820 | D:8      | Reached skill level 12 in Armour
  8820 | D:8      | Reached XP level 11. HP: 67/67 MP: 9/9
  8839 | D:9      | 8839 ||| STAIRDANCE
  8848 | D:9      | 8848 ||| STAIRDANCE
  8860 | D:9      | Found Ostriotz's Book Emporium.
  8861 | D:9      | 8861 ||| Stepping ~*~*~tactically~*~*~ (hiding).
  8996 | D:9      | Found a runed translucent door.
  8998 | D:9      | Noticed a centaur warrior
  9036 | D:9      | 9036 ||| Stepping ~*~*~tactically~*~*~ (hiding).
  9153 | D:9      | Noticed Harold
  9154 | D:9      | 9154 ||| Stepping ~*~*~tactically~*~*~ (hiding).
  9159 | D:9      | 9159 ||| INVOKING Berserk.
  9181 | D:9      | Killed Harold
  9223 | D:9      | Found Kuaw's Jewellery Shop.
  9234 | D:9      | 9234 ||| SHOPLISTING amulet of reflection (330 gold, have
                  | 316).
  9234 | D:9      | 9234 ||| SHOPLISTING amulet of regeneration (330 gold, have
                  | 316).
  9234 | D:9      | 9234 ||| SHOPLISTING ring of Ankenaf {rF+ Will+ rCorr
                  | Dex-5} (375 gold, have 316).
  9234 | D:9      | 9234 ||| BUYING ring of ice (275 gold).
  9234 | D:9      | Bought a ring of ice for 275 gold pieces
  9234 | D:9      | 9234 ||| SHOPLISTING ring of positive energy (220 gold,
                  | have 41).
  9249 | D:9      | 9249 ||| Stepping ~*~*~tactically~*~*~ (hiding).
  9253 | D:9      | Reached **** piety under Trog
  9420 | D:9      | Identified the +2 kite shield of the Wheelwright {rPois
                  | Dex+4 Stlth+}
  9431 | D:9      | 9431 ||| Stepping ~*~*~tactically~*~*~ (stealth).
  9433 | D:9      | 9433 ||| Stepping ~*~*~tactically~*~*~ (stealth).
  9436 | D:9      | 9436 ||| Stepping ~*~*~tactically~*~*~ (stealth).
  9572 | D:9      | 9572 ||| Stepping ~*~*~tactically~*~*~ (stealth).
  9715 | D:9      | Noticed a two-headed ogre
  9716 | D:9      | 9716 ||| INVOKING Berserk.
  9720 | D:9      | Killed a two-headed ogre
  9911 | D:9      | Found Xejekh's Armour Shop.
  9944 | D:9      | Found Xaufo's Magic Scroll Boutique.
  9952 | D:9      | 9952 ||| BUYING scroll of enchant weapon (120 gold).
  9952 | D:9      | Bought a scroll of enchant weapon for 120 gold pieces
  9952 | D:9      | 9952 ||| SHOPLISTING scroll of teleportation (48 gold, have
                  | 21).
  9952 | D:9      | 9952 ||| READING scroll of enchant weapon.
  9952 | D:9      | 9952 ||| ENCHANTING +0 war axe.
  9966 | D:9      | Found Lilool's Antique Armour Boutique.
 10128 | D:9      | 10128 ||| DROPPING +2 pair of boots.
 10129 | D:9      | 10129 ||| DROPPING orb of guile.
 10130 | D:9      | 10130 ||| UPGRADING to +2 kite shield of the Wheelwright
                  | {rPois Dex+4 Stlth+}.
 10140 | D:9      | 10140 ||| DROPPING +0 buckler.
 10141 | D:9      | 10141 ||| DRINKING 2 green potions.
 10142 | D:9      | 10142 ||| DROPPING potion of flight.
 10165 | D:10     | Entered Level 10 of the Dungeon
 10169 | D:10     | 10169 ||| Stepping ~*~*~tactically~*~*~ (hiding).
 10188 | D:10     | Found an ancient bone altar of Kikubaaqudgha.
 10268 | D:10     | Noticed a two-headed ogre
 10269 | D:10     | 10269 ||| Stepping ~*~*~tactically~*~*~ (stealth).
 10270 | D:10     | 10270 ||| Stepping ~*~*~tactically~*~*~ (stealth).
 10272 | D:10     | 10272 ||| Stepping ~*~*~tactically~*~*~ (stealth).
 10273 | D:10     | 10273 ||| Stepping ~*~*~tactically~*~*~ (stealth).
 10277 | D:10     | 10277 ||| INVOKING Berserk.
 10281 | D:10     | Killed a two-headed ogre
 10282 | D:10     | Reached skill level 6 in Shields
 10432 | D:10     | 10432 ||| Stepping ~*~*~tactically~*~*~ (hiding).
 10436 | D:10     | 10436 ||| Stepping ~*~*~tactically~*~*~ (hiding).
 10438 | D:10     | 10438 ||| Stepping ~*~*~tactically~*~*~ (hiding).
 10439 | D:10     | 10439 ||| Stepping ~*~*~tactically~*~*~ (hiding).
 10457 | D:10     | 10457 ||| Stepping ~*~*~tactically~*~*~ (stealth).
 10462 | D:10     | 10462 ||| INVOKING Berserk.
 10469 | D:10     | Noticed a purple ugly thing
 10494 | D:10     | Killed a purple ugly thing
 10652 | D:10     | 10652 ||| Stepping ~*~*~tactically~*~*~ (stealth).
 10662 | D:10     | 10662 ||| INVOKING Berserk.
 10875 | D:10     | Found a staircase to the Lair.
 10877 | D:10     | 10877 ||| INVOKING Berserk.
 11040 | D:10     | Reached XP level 12. HP: 75/75 MP: 10/10
 11111 | D:10     | Found the +18 Lear's hauberk
 11293 | D:10     | Found a staircase to the Orcish Mines.
 11342 | D:10     | 11342 ||| PLANNING LAIR
 11342 | D:10     | 11342 ||| READING scroll labelled ZOGEILL HISCHE.
 11343 | D:10     | 11343 ||| READING 3 scrolls of identify.
 11343 | D:10     | 11343 ||| IDENTIFYING bubbling grey potion
 11344 | D:10     | 11344 ||| READING 2 scrolls of identify.
 11344 | D:10     | 11344 ||| IDENTIFYING silvery potion
 11345 | D:10     | 11345 ||| DROPPING potion of magic.
 11346 | D:10     | 11346 ||| DROPPING potion of ambrosia.
 11385 | Lair:1   | Entered Level 1 of the Lair of Beasts
 11397 | Lair:1   | Noticed a boulder beetle
 11404 | Lair:1   | 11404 ||| INVOKING Berserk.
 11436 | Lair:1   | HP: 18/75 [boulder beetle (25)]
 11437 | Lair:1   | 11437 ||| READING 6 scrolls of teleportation.
 11617 | Lair:1   | 11617 ||| Stepping ~*~*~tactically~*~*~ (stealth).
 11618 | Lair:1   | 11618 ||| Stepping ~*~*~tactically~*~*~ (stealth).
 11624 | Lair:1   | 11624 ||| Stepping ~*~*~tactically~*~*~ (stealth).
 11625 | Lair:1   | 11625 ||| INVOKING Berserk.
 11645 | Lair:1   | Killed a boulder beetle
 11783 | Lair:1   | 11783 ||| READING scroll of enchant armour.
 11783 | Lair:1   | 11783 ||| ENCHANTING +0 cloak.
 11828 | Lair:1   | 11828 ||| INVOKING Berserk.
 11963 | Lair:1   | Noticed an eight-headed hydra
 11964 | Lair:1   | 11964 ||| SWAPPING to +0 morningstar.
 11965 | Lair:1   | 11965 ||| INVOKING Berserk.
 11973 | Lair:1   | Killed an eight-headed hydra
 11974 | Lair:1   | Reached skill level 9 in Shields
 11992 | Lair:1   | 11992 ||| SWAPPING to +1 war axe.
 12314 | Lair:1   | 12314 ||| Stepping ~*~*~tactically~*~*~ (hiding).
 12477 | Lair:1   | 12477 ||| INVOKING Berserk.
 12483 | Lair:1   | Reached skill level 3 in Dodging
 12785 | Lair:1   | 12785 ||| DROPPING amulet of faith.
 12786 | Lair:1   | 12786 ||| DROPPING ring of resist corrosion.
 12787 | Lair:1   | 12787 ||| UPGRADING to +4 ring of protection.
 12789 | Lair:1   | 12789 ||| DROPPING ring of ice.
 12790 | Lair:1   | 12790 ||| UPGRADING to ring of protection from cold.
 12868 | Lair:2   | 12868 ||| INVOKING Berserk.
 13006 | Lair:2   | Found a staircase to the Snake Pit.
 13127 | Lair:2   | Reached skill level 9 in Fighting
 13144 | Lair:2   | Noticed a four-headed hydra
 13146 | Lair:2   | 13146 ||| INVOKING Brothers in Arms.
 13147 | Lair:2   | 13147 ||| INVOKING Brothers in Arms.
 13148 | Lair:2   | 13148 ||| SWAPPING to +0 morningstar.
 13149 | Lair:2   | 13149 ||| INVOKING Berserk.
 13150 | Lair:2   | Killed a four-headed hydra
 13159 | Lair:2   | 13159 ||| SWAPPING to +1 war axe.
 13292 | Lair:2   | Found a staircase to the Shoals.
 13336 | Lair:2   | 13336 ||| READING scroll of enchant armour.
 13336 | Lair:2   | 13336 ||| ENCHANTING +1 cloak.
 13626 | Lair:3   | 13626 ||| STAIRDANCE
 13628 | Lair:2   | 13628 ||| INVOKING Berserk.
 13745 | Lair:3   | 13745 ||| STAIRDANCE
 13747 | Lair:2   | 13747 ||| INVOKING Berserk.
 13859 | Lair:3   | 13859 ||| STAIRDANCE
 13861 | Lair:2   | 13861 ||| INVOKING Berserk.
 13990 | Lair:3   | 13990 ||| STAIRDANCE
 13995 | Lair:2   | Reached skill level 12 in Axes
 14033 | Lair:3   | 14033 ||| READING scroll of enchant armour.
 14033 | Lair:3   | 14033 ||| ENCHANTING +0 plate armour.
 14079 | Lair:3   | 14079 ||| Stepping ~*~*~tactically~*~*~ (stealth).
 14080 | Lair:3   | 14080 ||| Stepping ~*~*~tactically~*~*~ (stealth).
 14197 | Lair:3   | 14197 ||| INVOKING Berserk.
 14228 | Lair:3   | Reached XP level 13. HP: 82/82 MP: 11/11
 14319 | Lair:3   | 14319 ||| INVOKING Berserk.
 14334 | Lair:3   | 14334 ||| FLEEEEING.
 14335 | Lair:3   | 14335 ||| FLEEEEING.
 14336 | Lair:3   | 14336 ||| FLEEEEING.
 14337 | Lair:3   | 14337 ||| FLEEEEING.
 14339 | Lair:3   | 14339 ||| FLEEEEING.
 14340 | Lair:3   | 14340 ||| FLEEEEING.
 14341 | Lair:3   | 14341 ||| FLEEEEING.
 14342 | Lair:3   | 14342 ||| FLEEEEING.
 14343 | Lair:3   | 14343 ||| STAIRDANCE
 14445 | Lair:2   | 14445 ||| READING scroll labelled HEGENA REUPY.
 14462 | Lair:2   | 14462 ||| READING 5 scrolls of identify.
 14462 | Lair:2   | 14462 ||| IDENTIFYING pink potion
 14463 | Lair:2   | 14463 ||| DROPPING potion of brilliance.
 14466 | Lair:3   | 14466 ||| INVOKING Berserk.
 14472 | Lair:3   | 14472 ||| STAIRDANCE
 14672 | Lair:3   | 14672 ||| INVOKING Berserk.
 14991 | Lair:3   | 14991 ||| SWAPPING to +0 morningstar.
 14992 | Lair:3   | 14992 ||| INVOKING Berserk.
 15003 | Lair:3   | 15003 ||| SWAPPING to +1 war axe.
 15397 | Lair:4   | 15397 ||| STAIRDANCE
 15480 | Lair:4   | 15480 ||| Stepping ~*~*~tactically~*~*~ (stealth).
 15484 | Lair:4   | 15484 ||| Stepping ~*~*~tactically~*~*~ (stealth).
 15539 | Lair:4   | Found a frozen archway.
 15631 | Lair:4   | Found a transporter.
 15633 | Lair:4   | Found a transporter.
 15703 | Lair:4   | 15703 ||| INVOKING Berserk.
 15813 | Lair:4   | 15813 ||| Stepping ~*~*~tactically~*~*~ (stealth).
 15815 | Lair:4   | 15815 ||| Stepping ~*~*~tactically~*~*~ (stealth).
 15903 | Lair:4   | Found a runed translucent door.
 15905 | Lair:4   | Noticed qw's ghost (journeyman GrBe)
 16008 | Lair:4   | Identified the +2 leather armour of the Wumpus {*Corrode
                  | Fly rElec rC++ Regen+}
 16215 | Lair:5   | Entered Level 5 of the Lair of Beasts
 16247 | Lair:5   | 16247 ||| Stepping ~*~*~tactically~*~*~ (stealth).
 16270 | Lair:5   | 16270 ||| Stepping ~*~*~tactically~*~*~ (stealth).
 16341 | Lair:5   | 16341 ||| INVOKING Berserk.
 16600 | Lair:5   | 16600 ||| INVOKING Brothers in Arms.
 16602 | Lair:5   | 16602 ||| SWAPPING to +0 morningstar.
 16603 | Lair:5   | 16603 ||| INVOKING Berserk.
 16607 | Lair:5   | Reached skill level 12 in Shields
 16607 | Lair:5   | Gained mutation: Your large and strong wings let you fly.
                  | [Gargoyle growth]
 16607 | Lair:5   | Reached XP level 14. HP: 90/90 MP: 12/12
 16611 | Lair:5   | 16611 ||| SWAPPING to +1 war axe.
 16664 | Lair:5   | 16664 ||| Stepping ~*~*~tactically~*~*~ (stealth).
 16665 | Lair:5   | 16665 ||| Stepping ~*~*~tactically~*~*~ (stealth).
 16667 | Lair:5   | 16667 ||| Stepping ~*~*~tactically~*~*~ (hiding).
 16689 | Lair:5   | 16689 ||| Stepping ~*~*~tactically~*~*~ (hiding).
 16690 | Lair:5   | 16690 ||| Stepping ~*~*~tactically~*~*~ (hiding).
 16705 | Lair:5   | Found a dark tunnel.
 16729 | Lair:5   | 16729 ||| Stepping ~*~*~tactically~*~*~ (stealth).
 16731 | Lair:5   | 16731 ||| Stepping ~*~*~tactically~*~*~ (stealth).
 16737 | Lair:5   | 16737 ||| Stepping ~*~*~tactically~*~*~ (stealth).
 16818 | Lair:5   | 16818 ||| READING scroll of enchant armour.
 16818 | Lair:5   | 16818 ||| ENCHANTING +1 plate armour.
 17100 | Lair:5   | Found a snail-covered altar of Cheibriados.
 17144 | Lair:5   | Found a staircase to the Slime Pits.
 17157 | Lair:5   | 17157 ||| Stepping ~*~*~tactically~*~*~ (stealth).
 17354 | Lair:5   | 17354 ||| Stepping ~*~*~tactically~*~*~ (stealth).
 17357 | Lair:5   | 17357 ||| INVOKING Trog's Hand.
 17379 | Lair:5   | 17379 ||| INVOKING Trog's Hand.
 17381 | Lair:5   | Reached skill level 3 in Throwing
 17383 | Lair:5   | Identified the +8 trident "Icvonumm" {speed, Str+3 Int+4
                  | Dex+2}
 17482 | Lair:5   | 17482 ||| PLANNING D:1-11
 17589 | D:11     | 17589 ||| PLANNING GAUNTLET
 17731 | D:11     | 17731 ||| Stepping ~*~*~tactically~*~*~ (stealth).
 17735 | D:11     | 17735 ||| Stepping ~*~*~tactically~*~*~ (stealth).
 17831 | D:11     | 17831 ||| Stepping randomly (disturbance).
 17952 | D:11     | 17952 ||| Stepping ~*~*~tactically~*~*~ (stealth).
 18003 | D:11     | Reached skill level 15 in Axes
 18012 | D:11     | 18012 ||| RIP GAUNTLET
 18054 | D:11     | 18054 ||| PLANNING D:1-11
 18114 | D:11     | Reached ***** piety under Trog
 18265 | D:11     | Identified the +10 long sword of Mofulax {vorpal, rF+}
 18584 | D:11     | 18584 ||| PLANNING D
 18584 | D:11     | 18584 ||| READING scroll labelled HEOZXAIRGHA.
 18685 | D:11     | 18685 ||| READING 7 scrolls of identify.
 18685 | D:11     | 18685 ||| IDENTIFYING fizzy blue potion
 18686 | D:11     | 18686 ||| DROPPING potion of invisibility.
 18913 | D:12     | Noticed an orc warlord
 18914 | D:12     | 18914 ||| Stepping ~*~*~tactically~*~*~ (hiding).
 18933 | D:12     | 18933 ||| Stepping ~*~*~tactically~*~*~ (hiding).
 18945 | D:12     | 18945 ||| INVOKING Brothers in Arms.
 18959 | D:12     | 18959 ||| INVOKING Berserk.
 18981 | D:12     | Killed an orc warlord
 18991 | D:12     | HP: 18/91 [orc knight/+0 long sword (19)]
 18992 | D:12     | 18992 ||| READING 6 scrolls of teleportation.
 18992 | D:12     | HP: 3/91 [orc knight/+0 long sword (7)]
 18993 | D:12     | 18993 ||| DRINKING 2 potions of heal wounds.
 19079 | D:12     | 19079 ||| INVOKING Brothers in Arms.
 19080 | D:12     | 19080 ||| SWAPPING to +0 morningstar.
 19081 | D:12     | 19081 ||| INVOKING Berserk.
 19090 | D:12     | 19090 ||| SWAPPING to +1 war axe.
 19263 | D:12     | 19263 ||| Stepping ~*~*~tactically~*~*~ (stealth).
 19273 | D:12     | Reached skill level 12 in Fighting
 19488 | D:12     | 19488 ||| SWAPPING to +1 war axe of flaming.
 19489 | D:12     | 19489 ||| DROPPING +0 morningstar.
 19490 | D:12     | 19490 ||| DROPPING +1 war axe.
 19495 | D:12     | 19495 ||| SWAPPING to +0 broad axe.
 19503 | D:12     | 19503 ||| Stepping ~*~*~tactically~*~*~ (stealth).
 19505 | D:12     | 19505 ||| Stepping ~*~*~tactically~*~*~ (hiding).
 19512 | D:12     | 19512 ||| INVOKING Berserk.
 19522 | D:12     | Gained mutation: You are frail. (-10% HP) [a neqoxec]
 19554 | D:12     | HP: 20/82 [chaos spawn[an orc high priest] (3)]
 19555 | D:12     | 19555 ||| READING 5 scrolls of teleportation.
 19556 | D:12     | 19556 ||| DRINKING potion of heal wounds.
 19592 | D:12     | 19592 ||| DRINKING 3 potions of mutation.
 19592 | D:12     | Lost mutation: You are frail. (-10% HP) [potion of
                  | mutation]
 19592 | D:12     | Lost mutation: You are partially covered in iridescent
                  | scales. (AC +2) [potion of mutation]
 19592 | D:12     | Gained mutation: You have hidden genetic defects. [potion
                  | of mutation]
 19592 | D:12     | Gained mutation: You have sharp fingernails. [potion of
                  | mutation]
 19685 | D:12     | Found Hiariuto's Jewellery Shop.
 19696 | D:12     | 19696 ||| BUYING +4 ring of protection (576 gold).
 19696 | D:12     | Bought a +4 ring of protection for 576 gold pieces
 19696 | D:12     | 19696 ||| SHOPLISTING amulet of reflection (480 gold, have
                  | 97).
 19696 | D:12     | 19696 ||| SHOPLISTING amulet of the acrobat (480 gold, have
                  | 97).
 19733 | D:12     | 19733 ||| SWAPPING to +1 vorpal broad axe.
 19734 | D:12     | 19734 ||| DROPPING +0 broad axe.
 19739 | D:12     | 19739 ||| Stepping ~*~*~tactically~*~*~ (stealth).
 19747 | D:12     | 19747 ||| Stepping ~*~*~tactically~*~*~ (stealth).
 19769 | D:12     | 19769 ||| Stepping ~*~*~tactically~*~*~ (hiding).
 19772 | D:12     | 19772 ||| INVOKING Berserk.
 19900 | D:12     | 19900 ||| Stepping ~*~*~tactically~*~*~ (stealth).
 19945 | D:12     | 19945 ||| Stepping ~*~*~tactically~*~*~ (hiding).
 19946 | D:12     | 19946 ||| Stepping ~*~*~tactically~*~*~ (hiding).
 19947 | D:12     | 19947 ||| Stepping ~*~*~tactically~*~*~ (hiding).
 20056 | D:12     | 20056 ||| INVOKING Trog's Hand.
 20059 | D:12     | 20059 ||| INVOKING Berserk.
 20215 | D:12     | 20215 ||| Stepping ~*~*~tactically~*~*~ (hiding).
 20220 | D:12     | 20220 ||| INVOKING Berserk.
 20478 | D:12     | 20478 ||| UPGRADING to +2 plate armour of willpower.
 20488 | D:12     | 20488 ||| UPGRADING to +0 tower shield.
 20498 | D:12     | 20498 ||| DROPPING +2 plate armour.
 20499 | D:12     | 20499 ||| DROPPING +2 kite shield of the Wheelwright {rPois
                  | Dex+4 Stlth+}.
 20500 | D:12     | 20500 ||| DROPPING +6 ring of dexterity.
 20501 | D:12     | 20501 ||| UPGRADING to +4 ring of protection.
 20503 | D:12     | 20503 ||| DROPPING ring of protection from cold.
 20540 | D:13     | 20540 ||| FLEEEEING.
 20541 | D:13     | 20541 ||| STAIRDANCE
 20661 | D:13     | 20661 ||| Stepping ~*~*~tactically~*~*~ (hiding).
 20662 | D:13     | 20662 ||| Stepping ~*~*~tactically~*~*~ (hiding).
 20694 | D:13     | 20694 ||| READING scroll of enchant armour.
 20694 | D:13     | 20694 ||| ENCHANTING +2 plate armour of willpower.
 20733 | D:13     | 20733 ||| Stepping ~*~*~tactically~*~*~ (hiding).
 20769 | D:13     | Reached XP level 15. HP: 85/96 MP: 8/13
 20773 | D:13     | Gained mutation: You occasionally lose the ability to drink
                  | potions when taking damage. [hidden defects]
 20780 | D:13     | 20780 ||| DRINKING 2 potions of mutation.
 20780 | D:13     | Lost mutation: You have hidden genetic defects. [potion of
                  | mutation]
 20780 | D:13     | Lost mutation: Your magical capacity is low. (-10% MP)
                  | [potion of mutation]
 20780 | D:13     | Gained mutation: You possess an exceptional clarity of
                  | mind. [potion of mutation]
 20780 | D:13     | Gained mutation: Your flesh is heat resistant. (rF+)
                  | [potion of mutation]
 20781 | D:13     | 20781 ||| DRINKING potion of mutation.
 20781 | D:13     | Lost mutation: Your flesh is heat resistant. (rF+) [potion
                  | of mutation]
 20781 | D:13     | Lost mutation: Your natural rate of healing is unusually
                  | fast. [potion of mutation]
 20781 | D:13     | Gained mutation: Your body sometimes deteriorates upon
                  | taking damage. [potion of mutation]
 20781 | D:13     | Gained mutation: Your flesh is heat resistant. (rF+)
                  | [potion of mutation]
 20856 | D:13     | 20856 ||| Stepping ~*~*~tactically~*~*~ (stealth).
 20896 | D:13     | 20896 ||| DRINKING potion of mutation.
 20896 | D:13     | Lost mutation: Your body sometimes deteriorates upon taking
                  | damage. [potion of mutation]
 20896 | D:13     | Lost mutation: You occasionally lose the ability to drink
                  | potions when taking damage. [potion of mutation]
 20896 | D:13     | Lost mutation: You have sharp fingernails. [potion of
                  | mutation]
 20896 | D:13     | Gained mutation: Your natural rate of healing is unusually
                  | fast. [potion of mutation]
 20896 | D:13     | Gained mutation: You are partially covered in iridescent
                  | scales. (AC +2) [potion of mutation]
 21040 | D:13     | 21040 ||| INVOKING Berserk.
 21196 | D:13     | Found a runed translucent door.
 21473 | D:13     | 21473 ||| Stepping ~*~*~tactically~*~*~ (hiding).
 21625 | D:13     | Found a runed translucent door.
 21625 | D:13     | Noticed Benoasoz's ghost (journeyman TeWr)
 21626 | D:13     | Noticed a lich
 21634 | D:13     | Found a runed translucent door.
 21867 | D:13     | 21867 ||| UPGRADING to +2 tower shield.
 21877 | D:13     | 21877 ||| DROPPING +0 tower shield.
 21878 | D:13     | 21878 ||| READING scroll labelled XEXYTH LOESOMM.
 21879 | D:13     | 21879 ||| READING 9 scrolls of identify.
 21879 | D:13     | 21879 ||| IDENTIFYING inky potion
 21880 | D:13     | 21880 ||| DROPPING potion of attraction.
 21955 | D:14     | Noticed Frances
 21956 | D:14     | 21956 ||| INVOKING Brothers in Arms.
 21962 | D:14     | 21962 ||| INVOKING Berserk.
 21968 | D:14     | Killed Frances
 22184 | D:14     | Found a broken altar of Ashenzari.
 22284 | D:14     | 22284 ||| Stepping ~*~*~tactically~*~*~ (hiding).
 22355 | D:14     | 22355 ||| INVOKING Berserk.
 22377 | D:14     | 22377 ||| Stepping ~*~*~tactically~*~*~ (hiding).
 22544 | D:14     | Reached skill level 15 in Shields
 22568 | D:14     | 22568 ||| INVOKING Berserk.
 22700 | D:14     | Identified the +1 robe of Jinita {rPois Int-4 Dex+4 Slay+2}
 22883 | D:14     | Found a gate to the Vaults.
 23011 | D:14     | 23011 ||| INVOKING Trog's Hand.
 23012 | D:14     | Noticed a tengu reaver
 23016 | D:14     | 23016 ||| INVOKING Berserk.
 23034 | D:14     | 23034 ||| INVOKING Brothers in Arms.
 23036 | D:14     | 23036 ||| INVOKING Brothers in Arms.
 23038 | D:14     | Killed a tengu reaver
 23297 | D:14     | Reached skill level 6 in Throwing
 23443 | D:15     | Entered Level 15 of the Dungeon
 23508 | D:15     | 23508 ||| INVOKING Brothers in Arms.
 23509 | D:15     | 23509 ||| SWAPPING to +1 war axe of flaming.
 23512 | D:15     | 23512 ||| SWAPPING to +1 broad axe of draining.
 23530 | D:15     | 23530 ||| SWAPPING to +1 war axe of flaming.
 23532 | D:15     | 23532 ||| SWAPPING to +1 broad axe of draining.
 23653 | D:15     | Reached XP level 16. HP: 101/101 MP: 16/16
 23654 | D:15     | 23654 ||| READING scroll of enchant weapon.
 23654 | D:15     | 23654 ||| ENCHANTING +1 broad axe of draining.
 23707 | D:15     | 23707 ||| INVOKING Berserk.
 23722 | D:15     | 23722 ||| FLEEEEING.
 23849 | D:15     | 23849 ||| Stepping ~*~*~tactically~*~*~ (stealth).
 23851 | D:15     | Found a staircase to the Depths.
 23864 | D:15     | 23864 ||| Stepping ~*~*~tactically~*~*~ (stealth).
 23901 | D:15     | 23901 ||| INVOKING Berserk.
 24158 | D:15     | 24158 ||| INVOKING Brothers in Arms.
 24159 | D:15     | 24159 ||| SWAPPING to +1 war axe of flaming.
 24167 | D:15     | 24167 ||| SWAPPING to +2 broad axe of draining.
 24203 | D:15     | 24203 ||| Stepping ~*~*~tactically~*~*~ (hiding).
 24606 | D:15     | 24606 ||| Stepping ~*~*~tactically~*~*~ (hiding).
 24610 | D:15     | 24610 ||| INVOKING Trog's Hand.
 24611 | D:15     | 24611 ||| INVOKING Berserk.
 24761 | D:15     | 24761 ||| PLANNING ORC
 24761 | D:15     | 24761 ||| UPGRADING to +0 pair of gloves.
 24936 | Orc:1    | Entered Level 1 of the Orcish Mines
 24937 | Orc:1    | Found Ugoc's Book Emporium.
 24945 | Orc:1    | 24945 ||| INVOKING Trog's Hand.
 24946 | Orc:1    | 24946 ||| INVOKING Berserk.
 25066 | Orc:1    | 25066 ||| INVOKING Berserk.
 25186 | Orc:1    | 25186 ||| Stepping ~*~*~tactically~*~*~ (stealth).
 25187 | Orc:1    | 25187 ||| Stepping ~*~*~tactically~*~*~ (stealth).
 25189 | Orc:1    | 25189 ||| Stepping ~*~*~tactically~*~*~ (stealth).
 25191 | Orc:1    | 25191 ||| Stepping ~*~*~tactically~*~*~ (stealth).
 25192 | Orc:1    | 25192 ||| Stepping ~*~*~tactically~*~*~ (stealth).
 25193 | Orc:1    | 25193 ||| Stepping ~*~*~tactically~*~*~ (stealth).
 25201 | Orc:1    | 25201 ||| Stepping ~*~*~tactically~*~*~ (hiding).
 25202 | Orc:1    | 25202 ||| Stepping ~*~*~tactically~*~*~ (hiding).
 25297 | Orc:1    | Found Uhi Iph's Jewellery Shoppe.
 25306 | Orc:1    | 25306 ||| Stepping ~*~*~tactically~*~*~ (stealth).
 25316 | Orc:1    | 25316 ||| Stepping ~*~*~tactically~*~*~ (stealth).
 25346 | Orc:1    | 25346 ||| BUYING amulet of the acrobat (450 gold).
 25346 | Orc:1    | Bought an amulet of the acrobat for 450 gold pieces
 25346 | Orc:1    | 25346 ||| SHOPLISTING ring "Becimeudush" {rC+ Str+3 Slay+4}
                  | (1474 gold, have 213).
 25410 | Orc:1    | 25410 ||| Stepping ~*~*~tactically~*~*~ (stealth).
 25437 | Orc:1    | 25437 ||| INVOKING Trog's Hand.
 25438 | Orc:1    | 25438 ||| Stepping ~*~*~tactically~*~*~ (stealth).
 25519 | Orc:2    | Entered Level 2 of the Orcish Mines
 25565 | Orc:2    | 25565 ||| Stepping ~*~*~tactically~*~*~ (stealth).
 25613 | Orc:2    | 25613 ||| Stepping ~*~*~tactically~*~*~ (hiding).
 25742 | Orc:2    | 25742 ||| Stepping ~*~*~tactically~*~*~ (hiding).
 25754 | Orc:2    | 25754 ||| INVOKING Trog's Hand.
 25755 | Orc:2    | 25755 ||| INVOKING Berserk.
 25784 | Orc:2    | 25784 ||| INVOKING Brothers in Arms.
 25795 | Orc:2    | Found Etaelupi's General Store.
 25812 | Orc:2    | 25812 ||| INVOKING Trog's Hand.
 25813 | Orc:2    | HP: 25/101 [orc knight/+0 long sword (21)]
 25814 | Orc:2    | 25814 ||| READING 6 scrolls of teleportation.
 25815 | Orc:2    | 25815 ||| DRINKING potion of heal wounds.
 25918 | Orc:2    | 25918 ||| Invisible monster not found???
 25929 | Orc:2    | 25929 ||| Stepping ~*~*~tactically~*~*~ (hiding).
 25930 | Orc:2    | 25930 ||| Stepping ~*~*~tactically~*~*~ (hiding).
 25934 | Orc:2    | 25934 ||| INVOKING Berserk.
 26068 | Orc:2    | Found a staircase to the Elven Halls.
 26080 | Orc:2    | 26080 ||| INVOKING Trog's Hand.
 26087 | Orc:2    | 26087 ||| INVOKING Berserk.
 26240 | Orc:2    | 26240 ||| Stepping ~*~*~tactically~*~*~ (stealth).
 26242 | Orc:2    | 26242 ||| Stepping ~*~*~tactically~*~*~ (hiding).
 26243 | Orc:2    | 26243 ||| Stepping ~*~*~tactically~*~*~ (hiding).
 26266 | Orc:2    | 26266 ||| INVOKING Berserk.
 26293 | Orc:2    | 26293 ||| FLEEEEING.
 26294 | Orc:2    | 26294 ||| FLEEEEING.
 26295 | Orc:2    | 26295 ||| FLEEEEING.
 26296 | Orc:2    | 26296 ||| FLEEEEING.
 26297 | Orc:2    | 26297 ||| FLEEEEING.
 26298 | Orc:2    | 26298 ||| FLEEEEING.
 26299 | Orc:2    | 26299 ||| FLEEEEING.
 26300 | Orc:2    | 26300 ||| FLEEEEING.
 26301 | Orc:2    | 26301 ||| INVOKING Trog's Hand.
 26304 | Orc:2    | 26304 ||| INVOKING Berserk.
 26332 | Orc:2    | 26332 ||| FLEEEEING.
 26333 | Orc:2    | 26333 ||| FLEEEEING.
 26334 | Orc:2    | 26334 ||| FLEEEEING.
 26335 | Orc:2    | 26335 ||| FLEEEEING.
 26374 | Orc:2    | 26374 ||| Stepping ~*~*~tactically~*~*~ (hiding).
 26375 | Orc:2    | 26375 ||| Stepping ~*~*~tactically~*~*~ (hiding).
 26377 | Orc:2    | 26377 ||| INVOKING Berserk.
 26417 | Orc:2    | 26417 ||| Stepping ~*~*~tactically~*~*~ (stealth).
 26520 | Orc:2    | 26520 ||| Stepping ~*~*~tactically~*~*~ (stealth).
 26521 | Orc:2    | 26521 ||| Stepping ~*~*~tactically~*~*~ (stealth).
 26527 | Orc:2    | Found Diucw's Weapon Boutique.
 26528 | Orc:2    | Found Qyst's Magic Scroll Emporium.
 26528 | Orc:2    | Found Dalla's Assorted Antiques.
 26529 | Orc:2    | 26529 ||| INVOKING Trog's Hand.
 26530 | Orc:2    | 26530 ||| INVOKING Berserk.
 26653 | Orc:2    | 26653 ||| BUYING scroll of brand weapon (161 gold).
 26653 | Orc:2    | Bought a scroll of brand weapon for 161 gold pieces
 26653 | Orc:2    | 26653 ||| BUYING scroll of enchant armour (127 gold).
 26653 | Orc:2    | Bought a scroll of enchant armour for 127 gold pieces
 26653 | Orc:2    | 26653 ||| BUYING scroll of enchant armour (127 gold).
 26653 | Orc:2    | Bought a scroll of enchant armour for 127 gold pieces
 26653 | Orc:2    | 26653 ||| BUYING scroll of identify (34 gold).
 26653 | Orc:2    | Bought a scroll of identify for 34 gold pieces
 26653 | Orc:2    | 26653 ||| READING scroll of brand weapon.
 26653 | Orc:2    | 26653 ||| BRANDING +2 broad axe of draining.
 26654 | Orc:2    | 26654 ||| DROPPING +1 war axe of flaming.
 26655 | Orc:2    | 26655 ||| READING 2 scrolls of enchant armour.
 26655 | Orc:2    | 26655 ||| ENCHANTING +0 pair of gloves.
 26656 | Orc:2    | 26656 ||| READING scroll of enchant armour.
 26656 | Orc:2    | 26656 ||| ENCHANTING +1 pair of gloves.
 26665 | Orc:2    | 26665 ||| BUYING potion of heal wounds (110 gold).
 26665 | Orc:2    | Bought a potion of heal wounds for 110 gold pieces
 26667 | Orc:2    | 26667 ||| BUYING scroll of teleportation (33 gold).
 26667 | Orc:2    | Bought a scroll of teleportation for 33 gold pieces
 26667 | Orc:2    | 26667 ||| BUYING scroll of teleportation (33 gold).
 26667 | Orc:2    | Bought a scroll of teleportation for 33 gold pieces
 26744 | Orc:1    | 26744 ||| INVOKING Berserk.
 26962 | Orc:1    | 26962 ||| PLANNING SNAKE:1-3
 27123 | Snake:1  | Entered Level 1 of the Snake Pit
 27149 | Snake:1  | 27149 ||| INVOKING Berserk.
 27267 | Snake:1  | 27267 ||| INVOKING Berserk.
 27364 | Snake:1  | 27364 ||| Stepping ~*~*~tactically~*~*~ (hiding).
 27379 | Snake:1  | 27379 ||| Stepping ~*~*~tactically~*~*~ (hiding).
 27696 | Snake:1  | Found Jeocw's Antique Armour Emporium.
 27701 | Snake:1  | 27701 ||| Stepping ~*~*~tactically~*~*~ (stealth).
 28156 | Snake:1  | 28156 ||| Stepping ~*~*~tactically~*~*~ (hiding).
 28159 | Snake:1  | 28159 ||| Stepping ~*~*~tactically~*~*~ (hiding).
 28271 | Snake:1  | 28271 ||| DROPPING ring of magical power.
 28403 | Snake:2  | Noticed a nagaraja
 28404 | Snake:2  | 28404 ||| STAIRDANCE
 28424 | Snake:2  | 28424 ||| INVOKING Berserk.
 28429 | Snake:2  | Killed a nagaraja
 28436 | Snake:2  | 28436 ||| Stepping ~*~*~tactically~*~*~ (hiding).
 28453 | Snake:2  | Reached XP level 17. HP: 104/108 MP: 17/17
 28473 | Snake:2  | 28473 ||| Stepping ~*~*~tactically~*~*~ (stealth).
 28480 | Snake:2  | 28480 ||| Stepping ~*~*~tactically~*~*~ (stealth).
 28482 | Snake:2  | 28482 ||| Stepping ~*~*~tactically~*~*~ (stealth).
 28483 | Snake:2  | 28483 ||| Stepping ~*~*~tactically~*~*~ (stealth).
 28484 | Snake:2  | 28484 ||| Stepping ~*~*~tactically~*~*~ (stealth).
 28492 | Snake:2  | 28492 ||| Stepping ~*~*~tactically~*~*~ (hiding).
 28648 | Snake:2  | Noticed Vashnia
 28652 | Snake:2  | 28652 ||| INVOKING Berserk.
 28677 | Snake:2  | 28677 ||| INVOKING Brothers in Arms.
 28679 | Snake:2  | HP: 25/108 [naga sharpshooter/arrow[Vashnia] (18)]
 28680 | Snake:2  | 28680 ||| READING 8 scrolls of teleportation.
 28680 | Snake:2  | Killed Vashnia
 28681 | Snake:2  | 28681 ||| DRINKING potion of heal wounds.
 28705 | Snake:2  | 28705 ||| Stepping ~*~*~tactically~*~*~ (hiding).
 28793 | Snake:2  | 28793 ||| Stepping ~*~*~tactically~*~*~ (hiding).
 28794 | Snake:2  | 28794 ||| Stepping ~*~*~tactically~*~*~ (hiding).
 28799 | Snake:2  | 28799 ||| INVOKING Berserk.
 29060 | Snake:2  | Noticed Saint Roka
 29061 | Snake:2  | 29061 ||| INVOKING Brothers in Arms.
 29068 | Snake:2  | 29068 ||| INVOKING Berserk.
 29087 | Snake:2  | Killed Saint Roka
 29221 | Snake:2  | Found a large runed translucent door.
 29224 | Snake:2  | Found a large runed translucent door.
 29234 | Snake:2  | 29234 ||| Stepping ~*~*~tactically~*~*~ (hiding).
 29240 | Snake:2  | 29240 ||| Stepping ~*~*~tactically~*~*~ (stealth).
 29288 | Snake:2  | Found Quhi's Antique Weapon Shoppe.
 29297 | Snake:2  | 29297 ||| BUYING ancient war axe (221 gold).
 29297 | Snake:2  | Bought an ancient war axe for 221 gold pieces
 29297 | Snake:2  | Identified the +8 war axe of the Dwarven Hall {drain,
                  | *Noise rElec rPois Dex+9} (You bought it in a shop on level
                  | 2 of the Snake Pit)
 29297 | Snake:2  | 29297 ||| SWAPPING to +8 war axe of the Dwarven Hall
                  | {drain, *Noise rElec rPois Dex+9}.
 29436 | Snake:2  | 29436 ||| INVOKING Berserk.
 29623 | Snake:2  | Found Ynwym Hoe's Book Shoppe.
 29623 | Snake:2  | Found Uhoyg's Jewellery Shop.
 29624 | Snake:2  | Found Idauh's Jewellery Shop.
 29630 | Snake:2  | 29630 ||| SHOPLISTING ring of the Fool {Drain rPois rC+++
                  | EV+4 Int-4} (1295 gold, have 71).
 29634 | Snake:2  | 29634 ||| SHOPLISTING amulet "Ehuufoebb" {Reflect Fly rF-
                  | Regen+ rCorr SH+5} (754 gold, have 71).
 29634 | Snake:2  | 29634 ||| SHOPLISTING ring "Fest" {rF+ SInv} (580 gold,
                  | have 71).
 29668 | Snake:2  | 29668 ||| INVOKING Berserk.
 29967 | Snake:2  | Noticed qw's ghost (adept TrCA)
 30007 | Snake:2  | 30007 ||| Stepping ~*~*~tactically~*~*~ (hiding).
 30128 | Snake:2  | 30128 ||| READING scroll labelled GIADUU GYILEAG.
 30236 | Snake:1  | 30236 ||| SHOPLISTING runed chain mail (202 gold, have 71).
 30371 | Snake:3  | 30371 ||| Stepping ~*~*~tactically~*~*~ (hiding).
 30372 | Snake:3  | 30372 ||| Stepping ~*~*~tactically~*~*~ (hiding).
 30523 | Snake:3  | 30523 ||| Stepping ~*~*~tactically~*~*~ (hiding).
 30534 | Snake:3  | 30534 ||| Stepping ~*~*~tactically~*~*~ (hiding).
 30626 | Snake:3  | 30626 ||| Stepping ~*~*~tactically~*~*~ (hiding).
 30803 | Snake:3  | 30803 ||| Stepping ~*~*~tactically~*~*~ (hiding).
 31038 | Snake:3  | 31038 ||| PLANNING SHOALS:1-3
 31157 | Shoals:1 | Entered Level 1 of the Shoals
 31163 | Shoals:1 | 31163 ||| Stepping ~*~*~tactically~*~*~ (hiding).
 31164 | Shoals:1 | 31164 ||| Stepping ~*~*~tactically~*~*~ (hiding).
 31229 | Shoals:1 | 31229 ||| Stepping ~*~*~tactically~*~*~ (stealth).
 31237 | Shoals:1 | 31237 ||| Stepping ~*~*~tactically~*~*~ (hiding).
 31246 | Shoals:1 | Reached skill level 6 in Dodging
 31566 | Shoals:1 | 31566 ||| INVOKING Berserk.
 31719 | Shoals:1 | 31719 ||| READING scroll of enchant armour.
 31719 | Shoals:1 | 31719 ||| ENCHANTING +3 plate armour of willpower.
 32167 | Shoals:2 | 32167 ||| INVOKING Berserk.
 32361 | Shoals:2 | 32361 ||| INVOKING Trog's Hand.
 32362 | Shoals:2 | 32362 ||| INVOKING Brothers in Arms.
 32366 | Shoals:2 | 32366 ||| INVOKING Berserk.
 32511 | Shoals:2 | 32511 ||| INVOKING Berserk.
 32517 | Shoals:2 | Reached skill level 18 in Shields
 32595 | Shoals:2 | 32595 ||| INVOKING Trog's Hand.
 32596 | Shoals:2 | 32596 ||| INVOKING Brothers in Arms.
 32602 | Shoals:2 | 32602 ||| INVOKING Berserk.
 32795 | Shoals:2 | 32795 ||| Stepping ~*~*~tactically~*~*~ (hiding).
 32797 | Shoals:2 | 32797 ||| Stepping ~*~*~tactically~*~*~ (hiding).
 32798 | Shoals:2 | 32798 ||| Stepping ~*~*~tactically~*~*~ (hiding).
 32807 | Shoals:2 | Reached XP level 18. HP: 116/116 MP: 18/18
 32907 | Shoals:2 | 32907 ||| DROPPING +2 broad axe of flaming.
 32917 | Shoals:2 | 32917 ||| INVOKING Berserk.
 33086 | Shoals:2 | Received a gift from Trog
 33137 | Shoals:2 | 33137 ||| DROPPING +1 antimagic broad axe.
 33148 | Shoals:2 | Noticed Polyphemus
 33149 | Shoals:2 | 33149 ||| Stepping ~*~*~tactically~*~*~ (stealth).
 33158 | Shoals:2 | 33158 ||| INVOKING Brothers in Arms.
 33159 | Shoals:2 | 33159 ||| INVOKING Brothers in Arms.
 33160 | Shoals:2 | 33160 ||| INVOKING Berserk.
 33169 | Shoals:2 | Killed Polyphemus
 33626 | Shoals:3 | 33626 ||| STAIRDANCE
 33696 | Shoals:3 | Identified the +3 leather armour of an ossuary {Str+2}
 33715 | Shoals:3 | Noticed Louise
 33716 | Shoals:3 | 33716 ||| Stepping ~*~*~tactically~*~*~ (hiding).
 33718 | Shoals:3 | 33718 ||| Stepping ~*~*~tactically~*~*~ (hiding).
 33719 | Shoals:3 | 33719 ||| Stepping ~*~*~tactically~*~*~ (hiding).
 33720 | Shoals:3 | 33720 ||| Stepping ~*~*~tactically~*~*~ (hiding).
 33721 | Shoals:3 | 33721 ||| INVOKING Trog's Hand.
 33745 | Shoals:3 | Killed Louise
 33853 | Shoals:3 | Noticed Mara
 33857 | Shoals:3 | 33857 ||| INVOKING Berserk.
 33872 | Shoals:3 | Noticed qw's illusion
 33894 | Shoals:3 | HP: 28/117 [snapping turtle (9)]
 33895 | Shoals:3 | 33895 ||| READING 9 scrolls of teleportation.
 34050 | Shoals:3 | 34050 ||| INVOKING Berserk.
 34057 | Shoals:3 | Noticed qw's illusion
 34075 | Shoals:3 | HP: 20/117 [Mara/+1 demon trident of draining (11)]
 34076 | Shoals:3 | 34076 ||| READING 8 scrolls of teleportation.
 34090 | Shoals:3 | 34090 ||| FLEEEEING.
 34091 | Shoals:3 | 34091 ||| FLEEEEING.
 34092 | Shoals:3 | 34092 ||| FLEEEEING.
 34093 | Shoals:3 | 34093 ||| FLEEEEING.
 34094 | Shoals:3 | 34094 ||| FLEEEEING.
 34178 | Shoals:3 | 34178 ||| INVOKING Berserk.
 34246 | Shoals:3 | 34246 ||| INVOKING Berserk.
 34253 | Shoals:3 | Killed Mara
 34661 | Shoals:3 | 34661 ||| PLANNING SNAKE:4
 34661 | Shoals:3 | 34661 ||| DROPPING +1 helmet.
 34662 | Shoals:3 | 34662 ||| DROPPING +4 ring of slaying {mikee}.
 34807 | Snake:4  | Entered Level 4 of the Snake Pit
 34826 | Snake:4  | 34826 ||| Stepping ~*~*~tactically~*~*~ (hiding).
 34830 | Snake:4  | 34830 ||| Stepping ~*~*~tactically~*~*~ (hiding).
 34840 | Snake:4  | Reached skill level 15 in Fighting
 34845 | Snake:4  | 34845 ||| Stepping ~*~*~tactically~*~*~ (hiding).
 34864 | Snake:4  | 34864 ||| Stepping ~*~*~tactically~*~*~ (hiding).
 34876 | Snake:4  | 34876 ||| Stepping ~*~*~tactically~*~*~ (hiding).
 34898 | Snake:4  | 34898 ||| INVOKING Berserk.
 34922 | Snake:4  | HP: 28/119 [naga warrior/+0 dire flail (20)]
 34923 | Snake:4  | 34923 ||| READING 8 scrolls of teleportation.
 35108 | Snake:4  | Found Iphaok's General Store.
 35111 | Snake:4  | 35111 ||| INVOKING Berserk.
 35146 | Snake:4  | 35146 ||| FLEEEEING.
 35147 | Snake:4  | 35147 ||| FLEEEEING.
 35148 | Snake:4  | 35148 ||| FLEEEEING.
 35149 | Snake:4  | 35149 ||| FLEEEEING.
 35280 | Snake:4  | Reached skill level 15 in Armour
 35283 | Snake:4  | 35283 ||| BUYING potion of might (44 gold).
 35283 | Snake:4  | Bought a potion of might for 44 gold pieces
 35312 | Snake:4  | 35312 ||| Stepping ~*~*~tactically~*~*~ (hiding).
 35322 | Snake:4  | 35322 ||| Stepping ~*~*~tactically~*~*~ (hiding).
 35324 | Snake:4  | 35324 ||| Stepping ~*~*~tactically~*~*~ (hiding).
 35345 | Snake:4  | 35345 ||| Stepping ~*~*~tactically~*~*~ (stealth).
 35349 | Snake:4  | 35349 ||| Stepping ~*~*~tactically~*~*~ (hiding).
 35350 | Snake:4  | Found a burning altar of Makhleb.
 35450 | Snake:4  | 35450 ||| INVOKING Berserk.
 35468 | Snake:4  | 35468 ||| INVOKING Brothers in Arms.
 35477 | Snake:4  | 35477 ||| INVOKING Brothers in Arms.
 35478 | Snake:4  | 35478 ||| INVOKING Brothers in Arms.
 35479 | Snake:4  | HP: 29/119 [nagaraja/+0 halberd (27)]
 35480 | Snake:4  | 35480 ||| READING 7 scrolls of teleportation.
 35569 | Snake:4  | 35569 ||| Stepping ~*~*~tactically~*~*~ (stealth).
 35570 | Snake:4  | 35570 ||| Stepping ~*~*~tactically~*~*~ (stealth).
 35572 | Snake:4  | 35572 ||| Stepping ~*~*~tactically~*~*~ (hiding).
 35727 | Snake:4  | 35727 ||| Stepping ~*~*~tactically~*~*~ (hiding).
 35733 | Snake:4  | 35733 ||| INVOKING Berserk.
 35906 | Snake:4  | 35906 ||| Stepping ~*~*~tactically~*~*~ (hiding).
 35925 | Snake:4  | 35925 ||| Stepping ~*~*~tactically~*~*~ (stealth).
 35926 | Snake:4  | 35926 ||| Stepping ~*~*~tactically~*~*~ (stealth).
 35961 | Snake:4  | 35961 ||| Stepping ~*~*~tactically~*~*~ (hiding).
 35970 | Snake:4  | 35970 ||| INVOKING Berserk.
 36050 | Snake:4  | 36050 ||| Stepping ~*~*~tactically~*~*~ (hiding).
 36055 | Snake:4  | 36055 ||| INVOKING Berserk.
 36127 | Snake:4  | 36127 ||| Stepping ~*~*~tactically~*~*~ (stealth).
 36129 | Snake:4  | 36129 ||| Stepping ~*~*~tactically~*~*~ (hiding).
 36130 | Snake:4  | 36130 ||| Stepping ~*~*~tactically~*~*~ (hiding).
 36143 | Snake:4  | 36143 ||| Stepping ~*~*~tactically~*~*~ (stealth).
 36144 | Snake:4  | 36144 ||| Stepping ~*~*~tactically~*~*~ (stealth).
 36145 | Snake:4  | 36145 ||| Stepping ~*~*~tactically~*~*~ (stealth).
 36146 | Snake:4  | 36146 ||| Stepping ~*~*~tactically~*~*~ (stealth).
 36147 | Snake:4  | 36147 ||| Stepping ~*~*~tactically~*~*~ (stealth).
 36150 | Snake:4  | 36150 ||| INVOKING Berserk.
 36257 | Snake:4  | 36257 ||| Stepping ~*~*~tactically~*~*~ (hiding).
 36377 | Snake:4  | Got a serpentine rune of Zot
 36416 | Snake:4  | 36416 ||| Stepping ~*~*~tactically~*~*~ (stealth).
 36417 | Snake:4  | 36417 ||| Stepping ~*~*~tactically~*~*~ (stealth).
 36815 | Snake:4  | 36815 ||| Stepping ~*~*~tactically~*~*~ (stealth).
 36816 | Snake:4  | 36816 ||| Stepping ~*~*~tactically~*~*~ (stealth).
 36827 | Snake:4  | 36827 ||| Stepping ~*~*~tactically~*~*~ (stealth).
 36833 | Snake:4  | 36833 ||| Stepping ~*~*~tactically~*~*~ (stealth).
 36846 | Snake:4  | 36846 ||| INVOKING Berserk.
 36853 | Snake:4  | Reached XP level 19. HP: 124/124 MP: 19/19
 37037 | Snake:4  | 37037 ||| PLANNING VAULTS:1-4
 37037 | Snake:4  | 37037 ||| UPGRADING to +2 tower shield of reflection.
 37047 | Snake:4  | 37047 ||| DROPPING +2 tower shield.
 37048 | Snake:4  | 37048 ||| DROPPING ring of willpower.
 37302 | Vaults:1 | Entered Level 1 of the Vaults
 37326 | Vaults:1 | 37326 ||| Stepping ~*~*~tactically~*~*~ (stealth).
 37343 | Vaults:1 | 37343 ||| Stepping ~*~*~tactically~*~*~ (stealth).
 37420 | Vaults:1 | 37420 ||| Stepping ~*~*~tactically~*~*~ (stealth).
 37423 | Vaults:1 | 37423 ||| Stepping ~*~*~tactically~*~*~ (stealth).
 37515 | Vaults:1 | 37515 ||| Stepping ~*~*~tactically~*~*~ (hiding).
 37547 | Vaults:1 | 37547 ||| Stepping ~*~*~tactically~*~*~ (hiding).
 37583 | Vaults:1 | 37583 ||| Stepping ~*~*~tactically~*~*~ (stealth).
 37661 | Vaults:1 | 37661 ||| Stepping ~*~*~tactically~*~*~ (hiding).
 37668 | Vaults:1 | 37668 ||| Stepping ~*~*~tactically~*~*~ (stealth).
 37669 | Vaults:1 | 37669 ||| Stepping ~*~*~tactically~*~*~ (stealth).
 37738 | Vaults:1 | 37738 ||| INVOKING Brothers in Arms.
 37739 | Vaults:1 | 37739 ||| INVOKING Berserk.
 37963 | Vaults:1 | 37963 ||| INVOKING Brothers in Arms.
 37964 | Vaults:1 | 37964 ||| INVOKING Berserk.
 37986 | Vaults:1 | 37986 ||| INVOKING Trog's Hand.
 38125 | Vaults:1 | 38125 ||| Stepping ~*~*~tactically~*~*~ (hiding).
 38127 | Vaults:1 | 38127 ||| INVOKING Trog's Hand.
 38144 | Vaults:1 | 38144 ||| INVOKING Trog's Hand.
 38333 | Vaults:1 | 38333 ||| INVOKING Brothers in Arms.
 38334 | Vaults:1 | 38334 ||| INVOKING Brothers in Arms.
 38337 | Vaults:1 | 38337 ||| INVOKING Berserk.
 38496 | Vaults:1 | 38496 ||| Stepping ~*~*~tactically~*~*~ (hiding).
 38497 | Vaults:1 | 38497 ||| INVOKING Trog's Hand.
 38499 | Vaults:1 | 38499 ||| Stepping ~*~*~tactically~*~*~ (hiding).
 38634 | Vaults:1 | 38634 ||| INVOKING Trog's Hand.
 38635 | Vaults:1 | 38635 ||| INVOKING Berserk.
 38855 | Vaults:1 | 38855 ||| Stepping ~*~*~tactically~*~*~ (stealth).
 38857 | Vaults:1 | 38857 ||| INVOKING Brothers in Arms.
 38858 | Vaults:1 | 38858 ||| INVOKING Brothers in Arms.
 38859 | Vaults:1 | 38859 ||| INVOKING Berserk.
 38871 | Vaults:1 | 38871 ||| INVOKING Trog's Hand.
 38982 | Vaults:1 | 38982 ||| READING 6 scrolls of teleportation.
 39142 | Vaults:1 | 39142 ||| INVOKING Trog's Hand.
 39212 | Vaults:2 | 39212 ||| Stepping ~*~*~tactically~*~*~ (stealth).
 39216 | Vaults:2 | 39216 ||| INVOKING Trog's Hand.
 39233 | Vaults:2 | 39233 ||| INVOKING Berserk.
 39242 | Vaults:2 | 39242 ||| FLEEEEING.
 39243 | Vaults:2 | 39243 ||| STAIRDANCE
 39360 | Vaults:2 | 39360 ||| STAIRDANCE
 39362 | Vaults:1 | 39362 ||| INVOKING Trog's Hand.
 39370 | Vaults:2 | 39370 ||| STAIRDANCE
 39382 | Vaults:2 | 39382 ||| STAIRDANCE
 39434 | Vaults:2 | 39434 ||| INVOKING Berserk.
 39467 | Vaults:2 | 39467 ||| INVOKING Trog's Hand.
 39478 | Vaults:2 | 39478 ||| INVOKING Trog's Hand.
 39532 | Vaults:2 | Reached XP level 20. HP: 121/134 MP: 15/20
 39619 | Vaults:2 | 39619 ||| DROPPING amulet of magic regeneration.
 39624 | Vaults:2 | 39624 ||| READING 6 scrolls of teleportation.
 39628 | Vaults:2 | 39628 ||| FLEEEEING.
 39630 | Vaults:2 | 39630 ||| INVOKING Trog's Hand.
 39861 | Vaults:2 | 39861 ||| Stepping ~*~*~tactically~*~*~ (stealth).
 39874 | Vaults:2 | 39874 ||| INVOKING Brothers in Arms.
 39892 | Vaults:2 | 39892 ||| DRINKING 2 potions of cancellation.
 40184 | Vaults:2 | 40184 ||| Stepping ~*~*~tactically~*~*~ (hiding).
 40185 | Vaults:2 | 40185 ||| Stepping ~*~*~tactically~*~*~ (hiding).
 40309 | Vaults:2 | 40309 ||| Stepping ~*~*~tactically~*~*~ (stealth).
 40310 | Vaults:2 | 40310 ||| Stepping ~*~*~tactically~*~*~ (stealth).
 40312 | Vaults:2 | 40312 ||| Stepping ~*~*~tactically~*~*~ (hiding).
 40482 | Vaults:2 | 40482 ||| Stepping ~*~*~tactically~*~*~ (hiding).
 40488 | Vaults:2 | 40488 ||| INVOKING Berserk.
 40766 | Vaults:3 | 40766 ||| INVOKING Trog's Hand.
 40792 | Vaults:3 | Received a gift from Trog
 40809 | Vaults:3 | 40809 ||| Stepping ~*~*~tactically~*~*~ (hiding).
 40810 | Vaults:3 | 40810 ||| INVOKING Brothers in Arms.
 40812 | Vaults:3 | 40812 ||| INVOKING Trog's Hand.
 40825 | Vaults:3 | 40825 ||| INVOKING Trog's Hand.
 40833 | Vaults:3 | Reached skill level 18 in Fighting
 40948 | Vaults:3 | 40948 ||| Stepping ~*~*~tactically~*~*~ (hiding).
 41244 | Vaults:3 | 41244 ||| INVOKING Trog's Hand.
 41245 | Vaults:3 | 41245 ||| INVOKING Brothers in Arms.
 41246 | Vaults:3 | 41246 ||| INVOKING Brothers in Arms.
 41247 | Vaults:3 | 41247 ||| INVOKING Berserk.
 41357 | Vaults:3 | Found a staircase to the Crypt.
 41419 | Vaults:3 | 41419 ||| INVOKING Trog's Hand.
 41450 | Vaults:3 | Identified the +8 mace "Eliusy" {protect, rF+ rC+}
 41690 | Vaults:3 | Found Laclic's General Store.
 41699 | Vaults:3 | 41699 ||| BUYING potion of curing (39 gold).
 41699 | Vaults:3 | Bought a potion of curing for 39 gold pieces
 41699 | Vaults:3 | 41699 ||| BUYING potion of heal wounds (65 gold).
 41699 | Vaults:3 | Bought a potion of heal wounds for 65 gold pieces
 41710 | Vaults:3 | 41710 ||| Stepping ~*~*~tactically~*~*~ (hiding).
 42153 | Vaults:3 | 42153 ||| INVOKING Trog's Hand.
 42225 | Vaults:3 | 42225 ||| DROPPING +0 pair of boots of stealth.
 42269 | Vaults:4 | Noticed Xtahua
 42270 | Vaults:4 | 42270 ||| Stepping ~*~*~tactically~*~*~ (hiding).
 42272 | Vaults:4 | 42272 ||| Stepping ~*~*~tactically~*~*~ (hiding).
 42273 | Vaults:4 | 42273 ||| Stepping ~*~*~tactically~*~*~ (hiding).
 42277 | Vaults:4 | 42277 ||| INVOKING Trog's Hand.
 42278 | Vaults:4 | 42278 ||| DRINKING 3 potions of resistance.
 42290 | Vaults:4 | Killed Xtahua
 42291 | Vaults:4 | 42291 ||| Stepping ~*~*~tactically~*~*~ (cloud).
 42368 | Vaults:4 | 42368 ||| INVOKING Berserk.
 42370 | Vaults:4 | Reached skill level 18 in Armour
 42374 | Vaults:4 | HP: 45/204 [vault guard/+0 great mace (23)]
 42381 | Vaults:4 | HP: 38/204 [vault warden/+2 halberd of protection (12)]
 42492 | Vaults:4 | 42492 ||| READING 6 scrolls of teleportation.
 42542 | Vaults:4 | 42542 ||| Stepping ~*~*~tactically~*~*~ (stealth).
 42544 | Vaults:4 | 42544 ||| INVOKING Trog's Hand.
 42704 | Vaults:4 | 42704 ||| Stepping ~*~*~tactically~*~*~ (hiding).
 42706 | Vaults:4 | Paralysed by a great orb of eyes for 4 turns
 42710 | Vaults:4 | 42710 ||| INVOKING Trog's Hand.
 42723 | Vaults:4 | 42723 ||| DRINKING potion of cancellation.
 42726 | Vaults:4 | Reached skill level 9 in Dodging
 42737 | Vaults:4 | 42737 ||| INVOKING Trog's Hand.
 42820 | Vaults:4 | 42820 ||| Stepping ~*~*~tactically~*~*~ (stealth).
 42821 | Vaults:4 | 42821 ||| Stepping ~*~*~tactically~*~*~ (stealth).
 42823 | Vaults:4 | 42823 ||| Stepping ~*~*~tactically~*~*~ (stealth).
 42824 | Vaults:4 | 42824 ||| Stepping ~*~*~tactically~*~*~ (stealth).
 42941 | Vaults:4 | 42941 ||| Stepping ~*~*~tactically~*~*~ (stealth).
 42958 | Vaults:4 | 42958 ||| Stepping ~*~*~tactically~*~*~ (stealth).
 43097 | Vaults:4 | 43097 ||| Stepping ~*~*~tactically~*~*~ (hiding).
 43099 | Vaults:4 | 43099 ||| Stepping ~*~*~tactically~*~*~ (hiding).
 43170 | Vaults:4 | 43170 ||| INVOKING Trog's Hand.
 43171 | Vaults:4 | 43171 ||| Stepping ~*~*~tactically~*~*~ (hiding).
 43172 | Vaults:4 | 43172 ||| Stepping ~*~*~tactically~*~*~ (hiding).
 43199 | Vaults:4 | 43199 ||| INVOKING Trog's Hand.
 43221 | Vaults:4 | 43221 ||| Stepping ~*~*~tactically~*~*~ (stealth).
 43222 | Vaults:4 | 43222 ||| INVOKING Trog's Hand.
 43338 | Vaults:4 | 43338 ||| INVOKING Berserk.
 43390 | Vaults:4 | 43390 ||| Stepping ~*~*~tactically~*~*~ (stealth).
 43391 | Vaults:4 | 43391 ||| Stepping ~*~*~tactically~*~*~ (stealth).
 43392 | Vaults:4 | 43392 ||| INVOKING Trog's Hand.
 43399 | Vaults:4 | Reached XP level 21. HP: 142/142 MP: 21/21
 43425 | Vaults:4 | 43425 ||| Stepping ~*~*~tactically~*~*~ (stealth).
 43462 | Vaults:4 | 43462 ||| Stepping ~*~*~tactically~*~*~ (stealth).
 43597 | Vaults:4 | 43597 ||| PLANNING SHOALS:4
 43915 | Shoals:4 | Entered Level 4 of the Shoals
 43916 | Shoals:4 | 43916 ||| INVOKING Trog's Hand.
 43972 | Shoals:4 | 43972 ||| INVOKING Trog's Hand.
 44022 | Shoals:4 | 44022 ||| Stepping ~*~*~tactically~*~*~ (hiding).
 44026 | Shoals:4 | 44026 ||| INVOKING Berserk.
 44191 | Shoals:4 | 44191 ||| Stepping ~*~*~tactically~*~*~ (hiding).
 44205 | Shoals:4 | 44205 ||| Stepping ~*~*~tactically~*~*~ (hiding).
 44207 | Shoals:4 | 44207 ||| Stepping ~*~*~tactically~*~*~ (hiding).
 44212 | Shoals:4 | 44212 ||| INVOKING Trog's Hand.
 44255 | Shoals:4 | 44255 ||| Stepping ~*~*~tactically~*~*~ (stealth).
 44258 | Shoals:4 | 44258 ||| Stepping ~*~*~tactically~*~*~ (hiding).
 44259 | Shoals:4 | 44259 ||| Stepping ~*~*~tactically~*~*~ (hiding).
 44273 | Shoals:4 | 44273 ||| Stepping ~*~*~tactically~*~*~ (stealth).
 44274 | Shoals:4 | 44274 ||| INVOKING Trog's Hand.
 44292 | Shoals:4 | 44292 ||| INVOKING Trog's Hand.
 44313 | Shoals:4 | 44313 ||| INVOKING Berserk.
 44333 | Shoals:4 | 44333 ||| INVOKING Trog's Hand.
 44340 | Shoals:4 | 44340 ||| INVOKING Trog's Hand.
 44393 | Shoals:4 | 44393 ||| INVOKING Trog's Hand.
 44396 | Shoals:4 | 44396 ||| Stepping ~*~*~tactically~*~*~ (hiding).
 44460 | Shoals:4 | 44460 ||| Stepping ~*~*~tactically~*~*~ (hiding).
 44500 | Shoals:4 | 44500 ||| INVOKING Trog's Hand.
 44593 | Shoals:4 | 44593 ||| Stepping ~*~*~tactically~*~*~ (hiding).
 44634 | Shoals:4 | 44634 ||| INVOKING Trog's Hand.
 44661 | Shoals:4 | Reached skill level 9 in Throwing
 44695 | Shoals:4 | Got a barnacled rune of Zot
 44722 | Shoals:4 | Identified the amulet "Keygoirr" {Harm Regen+}
 44848 | Shoals:4 | 44848 ||| Stepping ~*~*~tactically~*~*~ (hiding).
 44849 | Shoals:4 | 44849 ||| Stepping ~*~*~tactically~*~*~ (hiding).
 44971 | Shoals:4 | 44971 ||| PLANNING DEPTHS
 45186 | Depths:1 | Entered Level 1 of the Depths
 45188 | Depths:1 | 45188 ||| INVOKING Brothers in Arms.
 45193 | Depths:1 | 45193 ||| INVOKING Berserk.
 45230 | Depths:1 | 45230 ||| INVOKING Brothers in Arms.
 45238 | Depths:1 | HP: 35/142 [something/bolt of negative energy (7)]
 45239 | Depths:1 | 45239 ||| READING 7 scrolls of teleportation.
 45338 | Depths:1 | 45338 ||| Invisible monster not found???
 45391 | Depths:1 | 45391 ||| INVOKING Berserk.
 45414 | Depths:1 | 45414 ||| INVOKING Trog's Hand.
 45432 | Depths:1 | HP: 35/145 [something (14)]
 45432 | Depths:1 | HP: 14/145 [spriggan air mage/the air (21)]
 45433 | Depths:1 | 45433 ||| READING 6 scrolls of teleportation.
 45434 | Depths:1 | 45434 ||| DRINKING potion of heal wounds.
 45436 | Depths:1 | Paralysed by something for 3 turns
 45439 | Depths:1 | HP: 8/145 [cyan ugly thing (4)]
 45440 | Depths:1 | 45440 ||| READING 5 scrolls of teleportation.
 45441 | Depths:1 | HP: 3/145 [cyan ugly thing (5)]
 45540 | Depths:1 | 45540 ||| Invisible monster not found???
 45649 | Depths:1 | 45649 ||| Stepping ~*~*~tactically~*~*~ (stealth).
 45650 | Depths:1 | 45650 ||| Stepping ~*~*~tactically~*~*~ (stealth).
 45658 | Depths:1 | 45658 ||| Stepping ~*~*~tactically~*~*~ (hiding).
 45662 | Depths:1 | 45662 ||| INVOKING Berserk.
 45720 | Depths:1 | 45720 ||| Stepping ~*~*~tactically~*~*~ (stealth).
 45726 | Depths:1 | 45726 ||| INVOKING Berserk.
 45883 | Depths:1 | 45883 ||| INVOKING Trog's Hand.
 45885 | Depths:1 | 45885 ||| Stepping ~*~*~tactically~*~*~ (hiding).
 45886 | Depths:1 | 45886 ||| Stepping ~*~*~tactically~*~*~ (stealth).
 45888 | Depths:1 | 45888 ||| INVOKING Berserk.
 45912 | Depths:1 | Noticed a golden dragon
 45920 | Depths:1 | Killed a golden dragon
 45945 | Depths:1 | 45945 ||| Stepping ~*~*~tactically~*~*~ (stealth).
 45946 | Depths:1 | 45946 ||| Stepping ~*~*~tactically~*~*~ (stealth).
 45947 | Depths:1 | 45947 ||| Stepping ~*~*~tactically~*~*~ (stealth).
 46001 | Depths:1 | 46001 ||| INVOKING Berserk.
 46069 | Depths:1 | 46069 ||| Stepping ~*~*~tactically~*~*~ (stealth).
 46070 | Depths:1 | 46070 ||| Stepping ~*~*~tactically~*~*~ (stealth).
 46091 | Depths:1 | 46091 ||| Stepping ~*~*~tactically~*~*~ (stealth).
 46096 | Depths:1 | 46096 ||| INVOKING Berserk.
 46143 | Depths:1 | 46143 ||| Stepping ~*~*~tactically~*~*~ (hiding).
 46209 | Depths:1 | 46209 ||| Stepping ~*~*~tactically~*~*~ (hiding).
 46210 | Depths:1 | 46210 ||| Stepping ~*~*~tactically~*~*~ (hiding).
 46221 | Depths:1 | Reached XP level 22. HP: 142/152 MP: 19/22
 46280 | Depths:1 | Found a gateway to Hell.
 46281 | Depths:1 | 46281 ||| Stepping ~*~*~tactically~*~*~ (hiding).
 46284 | Depths:1 | Noticed a juggernaut
 46285 | Depths:1 | 46285 ||| Stepping ~*~*~tactically~*~*~ (stealth).
 46286 | Depths:1 | 46286 ||| Stepping ~*~*~tactically~*~*~ (hiding).
 46287 | Depths:1 | 46287 ||| INVOKING Brothers in Arms.
 46288 | Depths:1 | 46288 ||| INVOKING Brothers in Arms.
 46289 | Depths:1 | 46289 ||| INVOKING Trog's Hand.
 46290 | Depths:1 | 46290 ||| INVOKING Berserk.
 46301 | Depths:1 | Killed a juggernaut
 46310 | Depths:1 | Noticed a caustic shrike
 46323 | Depths:1 | Noticed a caustic shrike
 46325 | Depths:1 | Killed a caustic shrike
 46330 | Depths:1 | HP: 30/152 [something (12)]
 46331 | Depths:1 | 46331 ||| READING 4 scrolls of teleportation.
 46331 | Depths:1 | Killed from afar by a frost giant

Levels and vault maps discovered:
D:1:      sevenhm_arrival_forest_fort_small_5, layout_loops_ring
D:2:      layout_basic, dreamdust_ecumenical_altar_statues, serial_park_tiny_1,
          hex_intersection
D:3:      layout_basic, grunt_temple_overflow_octagram, uniq_terence
D:4:      layout_loops_ring, minmay_temple_entry_crystal_x, serial_shops, shop,
          nicolae_shop_temple_entry_statues_fountains, nicolae_shop_waterfront,
          uniq_natasha
D:5:      nicolae_BIG_FREAKIN_CUBE, layout_basic,
          nicolae_ru_great_annihilating_truth, minmay_tree_intersection,
          hangedman_decor_riveting, uniq_prince_ribbit1, uniq_sigmund
D:6:      layout_basic, old_standard_altar, nicolae_qazlal_general_emergency,
          serial_shops, nicolae_square_shop, uniq_maggie
D:7:      black_bear_nest_2, layout_basic, mainiacjoe_overflow_catwalk_spiral,
          lemuel_doored_altar
D:8:      layout_loops_ring, amcnicky_altar_gilded, serial_shops,
          nicolae_shop_overgrown_old_shop
D:9:      layout_loops_ring, serial_shops, shop, shop, nicolae_shop_crystal,
          shop_fountains, nicolae_inconvenience_store, nrook_uturn,
          minmay_st_funbox, minmay_fractal_squares_gapless_5, uniq_harold
D:10:     layout_stronghold, kiku_gazebo_pond_becter,
          grunt_lair_entry_orc_guard_hut, orc_0_dummy
D:11:     layout_cave_pods, gauntlet_entry_generic
D:12:     orc_temple, layout_loops_ring, serial_shops, shop
D:13:     mludivico_vault, layout_basic, muffindrake_ghost_dual_entry,
          grunt_ministairs_13, drop_trap, minmay_quadrilaterals
D:14:     nzn_winding_woodlands_stair_cross
          [nzn_winding_woodlands_5x15_concentric,
          nzn_winding_woodlands_center_lodge,
          nzn_winding_woodlands_5x15_sidewinder,
          nzn_winding_woodlands_5x5_open_star, nzn_winding_woodlands_hourglass,
          nzn_winding_woodlands_5x15_pathside_ponds,
          nzn_winding_woodlands_center_diamonds,
          nzn_winding_woodlands_5x15_jagged], layout_irregular_city,
          erik_vaults_2, cheibrodos_ashenzari_chains, uniq_frances
D:15:     gammafunk_depths_entry_grave, layout_basic
Lair:1:   layout_loops_ring
Lair:2:   layout_hall_layers, shoals_dummy_entry,
          minmay_snake_entry_six_corridors, cheibrodos_lair_caveside_slide
Lair:3:   layout_regular_city, grunt_megastairs_3, lemuel_fruit_tree
Lair:4:   gammafunk_boulding_lane, layout_gridlike,
          portal_ice_cave_entry_pillars_1, ebering_ghost_inner_flame
Lair:5:   gammafunk_lair_ancient_temple, layout_regular_city, slime_entry_1,
          basic_altar, nicolae_volcano_entry_two_sided,
          chequers_serial_rivers_small_3
Shoals:1: layout_shoals, nicolae_shoals_wave_tunnel
Shoals:2: layout_shoals, uniq_polyphemus
Shoals:3: layout_shoals, uniq_louise, uniq_mara
Shoals:4: shoals_end_hellmonk_lost_city
Snake:1:  layout_onion, grunt_ministairs_12, nicolae_take_the_stairs,
          grunt_megastairs_4
Snake:2:  layout_cave_shapes, ebering_ghost_disaster_area, serial_shops,
          nicolae_shop_crystal, minmay_shop_grove, uniq_saint_roka, uniq_vashnia
Snake:3:  layout_concentric_octagons
Snake:4:  grunt_snake_rune_pools, layout_layer_cave, serial_shops, shop_statue,
          basic_altar
Orc:1:    layout_diamond_mine, serial_shops, nicolae_shop_crystal, shop,
          mines4_lemuel
Orc:2:    st_orc_elflike, layout_diamond_mine, minmay_orc_temple_a
Vaults:1: v_alt_pattern_1, v_rooms_2, ontoclasm_vaults_chip,
          grunt_vaults_trifunnel, vaults_mumra_hex,
          ontoclasm_vaults_ring_square, nicolae_vaults_network_periphery,
          nicolae_vaults_murderbox, grunt_vaults_swirl,
          nicolae_vaults_little_squares_4, layout_vaults_omnicross
Vaults:2: nicolae_vaults_network_quincunx
          [nicolae_vaults_network_quincunx_subvault,
          nicolae_vaults_network_quincunx_subvault,
          nicolae_vaults_network_quincunx_subvault,
          nicolae_vaults_network_quincunx_subvault,
          nicolae_vaults_network_quincunx_subvault],
          nicolae_vaults_network_star, ontoclasm_vaults_fault, serial_ice_h,
          hangedman_vaults_hat, nicolae_vaults_fighting_squares, v_misc_23,
          v_misc_25, hangedman_vaults_nails, vaults_mumra_lcd,
          vaults_dpeg_emergency_exit, ontoclasm_vaults_loading_screen,
          layout_vaults_omnibox
Vaults:3: v_rooms_4, vaults_mumra_chevron, nicolae_vaults_shelves_hall,
          nicolae_vaults_windows_and_doors_thing, v_misc_10,
          minmay_crypt_entry_nasty_monster, nicolae_vaults_mini_display_case,
          layout_vaults_omnigrid, serial_shops, nicolae_lakefront_shop
Vaults:4: v_misc_12, nicolae_vaults_circle_grid_a, grunt_vaults_twisty,
          grunt_vaults_focal, vaults_mumra_hexcomb, v_pattern_3,
          nicolae_vaults_meeting, hangedman_vaults_stagger, v_misc_5,
          hangedman_vaults_stretched_pinwheel, vaults_dpeg_diagonal,
          layout_vaults_ring, uniq_xtahua
Depths:1: minmay_octagon_city, layout_gridlike, kennysheep_boxes, serial_curves,
          eino_curves_01, eino_curves_03, hell_entry,
          hangedman_research_probablistics

Skill      XL: |  1  2  3  4  5  6  7  8  9 10 11 12 13 14 15 16 17 18 19 20 21 |
---------------+----------------------------------------------------------------+-----
Axes           | 3 4 5 7 9 10 11 12 14 15 17 | 17.9
Shields        | 1 2 3 4 7 10 12 16 17 18 19 20 | 20.8
Fighting       | 4 5 6 7 8 10 11 12 13 14 15 17 18 20 | 20.0
Armour         | 3 4 5 12 13 15 17 18 19 | 19.8
Throwing       | 1 2 5 6 7 8 9 |  9.0
Dodging        | 2 3 6 7 8 9 |  9.0

Action                   |  1- 3 |  4- 6 |  7- 9 | 10-12 | 13-15 | 16-18 | 19-21 | 22-24 || total
-------------------------+-------+-------+-------+-------+-------+-------+-------+-------++-------
Melee: Hand axe          |   146 |   112 |    26 |       |       |       |       |       ||   284
       War axe           |       |       |   238 |   538 |   765 |   873 |  1344 |    39 ||  3797
       Unarmed           |       |       |     5 |       |       |       |       |       ||     5
       Morningstar       |       |       |       |    10 |    10 |       |       |       ||    20
       Broad axe         |       |       |       |       |   498 |   725 |       |       ||  1223
Throw: Boomerang         |    26 |    34 |    34 |    80 |    40 |     8 |   114 |       ||   336
       Javelin           |       |       |       |       |    59 |    60 |    16 |       ||   135
Invok: Berserk           |     3 |     6 |     9 |    18 |    18 |    40 |    20 |     1 ||   115
       Brothers in Arms  |       |       |       |     1 |     7 |     9 |     9 |     1 ||    27
       Trog's Hand       |       |       |       |       |     4 |    11 |    38 |     1 ||    54
  Use: Scroll            |    10 |     1 |     4 |     9 |    10 |    12 |     6 |     1 ||    53
       Potion            |       |     2 |     4 |     2 |     6 |     2 |     4 |       ||    20
 Stab: Paralysed         |       |       |     1 |       |       |       |       |       ||     1
       Petrified         |       |       |       |       |    12 |       |       |       ||    12
       Distracted        |       |       |       |       |       |       |     1 |       ||     1
Armor: Animal skin       |    37 |       |       |       |       |       |       |       ||    37
       Scale mail        |    18 |       |       |       |       |       |       |       ||    18
       Chain mail        |    12 |    47 |   158 |    32 |       |       |       |       ||   249
       Plate armour      |       |       |       |   290 |  1106 |   827 |   792 |    27 ||  3042
Dodge: Dodged            |    71 |    28 |    74 |   155 |   368 |   326 |   371 |    16 ||  1409
Block: Buckler           |     4 |    21 |    42 |    49 |       |       |       |       ||   116
       Kite shield       |       |       |       |   237 |   652 |       |       |       ||   889
       Tower shield      |       |       |       |       |   491 |  1746 |  1505 |    49 ||  3791
       Reflection        |       |       |       |       |       |       |   113 |       ||   113

Table legend:
 A = Non-vault XP
 B = Vault XP
 C = Vault XP percentage of total XP
 D = Non-vault monster count
 E = Vault monster count
 F = Vault count percentage of total count
                 A         B        C        D         E       F
            +---------+---------+-------+---------+---------+-------
      Total |  311514 |  289294 |  48.2 |     887 |     460 |  34.1
            +---------+---------+-------+---------+---------+-------
        D:1 |      34 |       0 |   0.0 |      21 |       0 |   0.0
        D:2 |      42 |       0 |   0.0 |      16 |       0 |   0.0
        D:3 |     227 |      36 |  13.7 |      24 |       1 |   4.0
        D:4 |     351 |      35 |   9.1 |      18 |       1 |   5.3
        D:5 |     565 |     478 |  45.8 |      14 |       6 |  30.0
        D:6 |     647 |     395 |  37.9 |      14 |       1 |   6.7
        D:7 |    1300 |     131 |   9.2 |      20 |       1 |   4.8
        D:8 |    1223 |       0 |   0.0 |      21 |       0 |   0.0
        D:9 |    2890 |    2040 |  41.4 |      26 |       4 |  13.3
       D:10 |    2202 |     742 |  25.2 |      17 |       5 |  22.7
       D:11 |    6920 |       0 |   0.0 |      27 |       0 |   0.0
       D:12 |    6096 |    5946 |  49.4 |      23 |      28 |  54.9
       D:13 |    3792 |    7873 |  67.5 |      12 |      18 |  60.0
       D:14 |    3242 |   25954 |  88.9 |       7 |      36 |  83.7
       D:15 |   14591 |    4254 |  22.6 |      26 |       8 |  23.5
     Lair:1 |    3543 |       0 |   0.0 |      12 |       0 |   0.0
     Lair:2 |    4390 |    1844 |  29.6 |      14 |       8 |  36.4
     Lair:3 |    6500 |     477 |   6.8 |      24 |       2 |   7.7
     Lair:4 |    7839 |       0 |   0.0 |      23 |       0 |   0.0
     Lair:5 |   11558 |    8710 |  43.0 |      41 |      18 |  30.5
   Shoals:1 |   14556 |    2996 |  17.1 |      29 |      10 |  25.6
   Shoals:2 |   20701 |    4806 |  18.8 |      40 |       5 |  11.1
   Shoals:3 |    5199 |    5756 |  52.5 |      14 |       2 |  12.5
   Shoals:4 |   22012 |   25787 |  53.9 |      45 |      37 |  45.1
    Snake:1 |   16164 |    3888 |  19.4 |      36 |       7 |  16.3
    Snake:2 |   13003 |   10470 |  44.6 |      21 |      15 |  41.7
    Snake:3 |   15056 |       0 |   0.0 |      34 |       0 |   0.0
    Snake:4 |   25145 |   23174 |  48.0 |      60 |      33 |  35.5
      Orc:1 |    3749 |    1315 |  26.0 |      29 |       5 |  14.7
      Orc:2 |    2256 |    8280 |  78.6 |      42 |      32 |  43.2
   Vaults:1 |   26146 |   28443 |  52.1 |      46 |      39 |  45.9
   Vaults:2 |   17193 |   26462 |  60.6 |      23 |      46 |  66.7
   Vaults:3 |   19083 |   13631 |  41.7 |      25 |      18 |  41.9
   Vaults:4 |   18689 |   27252 |  59.3 |      27 |      35 |  56.5
   Depths:1 |   14610 |   48119 |  76.7 |      16 |      39 |  70.9
            +---------+---------+-------+---------+---------+-------
